Workbook
Name DateFin1: #REF!
Name DateFin2: #REF!
Name Ecrx_CodeGroupeAnalyse: #REF!
Name Ecrx_CompteAux: #REF!
Name EcrX_CompteGen: #REF!
Name Ecrx_DateFin: #REF!
Name Ecrx_TypeEcriture: #REF!

Sheet ETRANGER 22
A1: CODE FRS | B1: FRS | C1: MONTANT | F1: TAUX | G1: DELAI
A2: E10001 | B2: A C C U M A | C2: 3273240 | D2: =-VLOOKUP(A2,'bal f 2022'!E:F,2,FALSE) -> 1257000.3 | E2: =+D2*360/C2 -> 138.24837 | F2: =+C2/$C$19 -> 0.45710575 | G2: VR 60 | J2: Étiquettes de lignes | K2: Somme de TAUX | L2: Somme de MONTANT
A3: E10017 | B3: SORFIN YOSHIMURA LTD | C3: 155767.06 | D3: =-VLOOKUP(A3,'bal f 2022'!E:F,2,FALSE) -> 0 | E3: =+D3*360/C3 -> 0 | F3: =+C3/$C$19 -> 0.021752764 | G3: CD | J3: AV | L3: 67743.389
A4: E10031 | B4: Goonvean Fibres Ltd | C4: 51962.901 | D4: =-VLOOKUP(A4,'bal f 2022'!E:F,2,FALSE) -> 0 | E4: =+D4*360/C4 -> 0 | F4: =+C4/$C$19 -> 0.0072565839 | G4: VR 60 | J4: CD | K4: 0.13544188 | L4: 969871.38
A5: E10032 | B5: AKÜMSAN | C5: 352689.16 | D5: =-VLOOKUP(A5,'bal f 2022'!E:F,2,FALSE) -> 244350.33 | E5: =+D5*360/C5 -> 249.41544 | F5: =+C5/$C$19 -> 0.049252801 | G5: VR 90 | J5: VR | K5: 0.038660793 | L5: 276841.97
A6: E10052 | B6: METACONCEPT | C6: 276841.97 | D6: =-VLOOKUP(A6,'bal f 2022'!E:F,2,FALSE) -> 28290.981 | E6: =+D6*360/C6 -> 36.78905 | F6: =+C6/$C$19 -> 0.038660793 | G6: VR | J6: VR 30 | K6: 0.0065351099 | L6: 46796.575
A7: E10073 | B7: COPLOSA | C7: 62827.312 | D7: =-VLOOKUP(A7,'bal f 2022'!E:F,2,FALSE) -> 0 | E7: =+D7*360/C7 -> 0 | F7: =+C7/$C$19 -> 0.0087737916 | G7: CD | J7: VR 60 | K7: 0.61767204 | L7: 4423022.2
A8: E10074 | B8: MECONDOR S.p.A. | C8: 31647.467 | D8: =-VLOOKUP(A8,'bal f 2022'!E:F,2,FALSE) -> 0 | E8: =+D8*360/C8 -> 0 | F8: =+C8/$C$19 -> 0.0044195472 | G8: AV | J8: VR 90 | K8: 0.19222986 | L8: 1376518.4
A9: E10078 | B9: MICROPOROUS GmbH | C9: 1023829.2 | D9: =-VLOOKUP(A9,'bal f 2022'!E:F,2,FALSE) -> 249315.66 | E9: =+D9*360/C9 -> 87.664657 | F9: =+C9/$C$19 -> 0.14297705 | G9: VR 90 | J9: Total général | K9: 0.99053968 | L9: 7160793.8
A10: E10080 | B10: PELIPAPER | C10: 136009.97 | D10: =-VLOOKUP(A10,'bal f 2022'!E:F,2,FALSE) -> 0 | E10: =+D10*360/C10 -> 0 | F10: =+C10/$C$19 -> 0.018993699 | G10: CD
A11: E10081 | B11: QUANZHOU YUCRY TRAFFIC APPLI | C11: 46796.575 | D11: =-VLOOKUP(A11,'bal f 2022'!E:F,2,FALSE) -> 0 | E11: =+D11*360/C11 -> 0 | F11: =+C11/$C$19 -> 0.0065351099 | G11: VR 30
A12: E10082 | B12: ATHENA S.P.A | C12: 7504.0024 | D12: =-VLOOKUP(A12,'bal f 2022'!E:F,2,FALSE) -> 0 | E12: =+D12*360/C12 -> 0 | F12: =+C12/$C$19 -> 0.0010479288 | G12: AV
A13: E10084 | B13: MONBAT BATTERIES | C13: 1097819.2 | D13: =-VLOOKUP(A13,'bal f 2022'!E:F,2,FALSE) -> 541842.55 | E13: =+D13*360/C13 -> 177.68255 | F13: =+C13/$C$19 -> 0.15330971 | G13: VR 60
A14: E10086 | B14: METALSA STANGO srl | C14: 28054.399 | D14: =-VLOOKUP(A14,'bal f 2022'!E:F,2,FALSE) -> 30.571 | E14: =+D14*360/C14 -> 0.39229356 | F14: =+C14/$C$19 -> 0.0039177777 | G14: AV
A15: E20013 | B15: ELINOIL HELLENIC PETROLEUM | C15: 615267.04 | D15: =-VLOOKUP(A15,'bal f 2022'!E:F,2,FALSE) -> 13360.586 | E15: =+D15*360/C15 -> 7.8174364 | F15: =+C15/$C$19 -> 0.085921625 | G15: CD
A16: E80040 | B16: HADI MASHINENBAU | C16: 32.64 | D16: =-VLOOKUP(A16,'bal f 2022'!E:F,2,FALSE) -> -11759.531 | E16: =+D16*360/C16 -> -129700.71 | F16: =+C16/$C$19 -> 4.5581538e-06 | G16: AV
A17: E80043 | B17: SONZOGNI CAMME S.p.A | C17: 504.8811 | D17: =-VLOOKUP(A17,'bal f 2022'!E:F,2,FALSE) -> 0 | E17: =+D17*360/C17 -> 0 | F17: =+C17/$C$19 -> 7.0506303e-05 | G17: AV
C19: =SUM(C2:C18) -> 7160793.8 | D19: =SUM(D2:D18) -> 2322431.4 | E19: =SUM(E2:E18) -> -129002.7

Sheet LOCAUX 23
A1: CODE FRS | B1: FRS | C1: MONTANT HT | D1: TVA | E1: MONTANT TTC | F1: SOLDE | G1: DELAI | H1: PRODUIT | I1: TAUX | J1: REG
A2: L10138 | B2: STA NOUR | C2: 2596076.4 | D2: =+C2*0.19 -> 493254.52 | E2: =+C2+D2 -> 3089330.9 | F2: 0 | G2: =F2*(9*30)/E2 -> 0 | H2: BATTERIE USAGE | I2: =+E2/$E$71 -> 0.1910856 | J2: CH | L2: Étiquettes de lignes | M2: Moyenne de DELAI | N2: Somme de MONTANT TTC
A3: L10227 | B3: STE MNASRIA DES METALS | C3: 1806834.2 | D3: =+C3*0.19 -> 343298.5 | E3: =+C3+D3 -> 2150132.7 | F3: =-VLOOKUP(A3,'bal f 2023'!E:F,2,FALSE) -> 126991.18 | G3: 0 | H3: BATTERIE USAGE | I3: =+E3/$E$71 -> 0.13299301 | J3: CH | L3: ACIDE | M3: 0 | N3: 518900.93
A4: L50045 | B4: S. T. E. G. | C4: 1473641.6 | D4: =+C4*0.19 -> 279991.9 | E4: =+C4+D4 -> 1753633.5 | F4: =-VLOOKUP(A4,'bal f 2023'!E:F,2,FALSE) -> 147457.57 | G4: 0 | H4: ELECTRICITE | I4: =+E4/$E$71 -> 0.10846818 | J4: CH | L4: ADDITIF FONDERIE | M4: 19.090909 | N4: 670593.16
A5: L10223 | B5: STTM | C5: 1175686.1 | D5: =+C5*0.19 -> 223380.36 | E5: =+C5+D5 -> 1399066.5 | F5: =-VLOOKUP(A5,'bal f 2023'!E:F,2,FALSE) -> 90606.744 | G5: 0 | H5: BATTERIE USAGE | I5: =+E5/$E$71 -> 0.08653701 | J5: TR 30 | L5: BATTERIE USAGE | M5: 9.9203544e-08 | N5: 10351210
A6: L10225 | B6: STE CHM TRADING | C6: 1018611.5 | D6: =+C6*0.19 -> 193536.18 | E6: =+C6+D6 -> 1212147.7 | F6: =-VLOOKUP(A6,'bal f 2023'!E:F,2,FALSE) -> 0 | G6: =F6*(9*30)/E6 -> 0 | H6: BATTERIE USAGE | I6: =+E6/$E$71 -> 0.074975449 | J6: TR 60 | L6: BOUCHON | M6: 0 | N6: 101997.13
A7: L10226 | B7: STE ALIOS DE METAL TRADING | C7: 623760.96 | D7: =+C7*0.19 -> 118514.58 | E7: =+C7+D7 -> 742275.54 | F7: =-VLOOKUP(A7,'bal f 2023'!E:F,2,FALSE) -> 0.003 | G7: =F7*(9*30)/E7 -> 1.091239e-06 | H7: BATTERIE USAGE | I7: =+E7/$E$71 -> 0.045912262 | J7: TR 120 | L7: DIVERS | M7: 0 | N7: 43588.116
A8: L10195 | B8: STE TRIPLEX DES METAUX | C8: 581480 | D8: =+C8*0.19 -> 110481.2 | E8: =+C8+D8 -> 691961.2 | F8: =-VLOOKUP(A8,'bal f 2023'!E:F,2,FALSE) -> 0 | G8: =F8*(9*30)/E8 -> 0 | H8: BATTERIE USAGE | I8: =+E8/$E$71 -> 0.042800149 | J8: CH | L8: EAU | M8: 0 | N8: 106039.08
A9: L10192 | B9: STE VALDEQ | C9: 572444.08 | D9: =+C9*0.19 -> 108764.38 | E9: =+C9+D9 -> 681208.46 | F9: =-VLOOKUP(A9,'bal f 2023'!E:F,2,FALSE) -> 0 | G9: =F9*(9*30)/E9 -> 0 | H9: BATTERIE USAGE | I9: =+E9/$E$71 -> 0.042135055 | J9: CH | L9: ELECTRICITE | M9: 0 | N9: 1753633.5
A10: L30288 | B10: LYS IMPRESSION | C10: 556633.4 | D10: =+C10*0.19 -> 105760.35 | E10: =+C10+D10 -> 662393.74 | F10: =-VLOOKUP(A10,'bal f 2023'!E:F,2,FALSE) -> 59014.123 | G10: 90 | H10: ETIQUETTE | I10: =+E10/$E$71 -> 0.040971301 | J10: CH | L10: EMBLLAGE | M10: 5.4545455 | N10: 313317.16
A11: L50019 | B11: LA DOUANE | C11: 475927.95 | D11: =+C11*0.19 -> 90426.311 | E11: =+C11+D11 -> 566354.26 | F11: =-VLOOKUP(A11,'bal f 2023'!E:F,2,FALSE) -> -86068.389 | G11: 0 | H11: FRAIS TRANSIT | I11: =+E11/$E$71 -> 0.035030934 | J11: CH | L11: ETIQUETTE | M11: 45 | N11: 665061.96
A12: L10003 | B12: CHIMEX | C12: 436051.2 | D12: =+C12*0.19 -> 82849.728 | E12: =+C12+D12 -> 518900.93 | F12: =-VLOOKUP(A12,'bal f 2023'!E:F,2,FALSE) -> 72024.799 | G12: 0 | H12: ACIDE | I12: =+E12/$E$71 -> 0.032095784 | J12: CH | L12: FRAIS TRANSIT | M12: -2.0141681e-07 | N12: 1632698.5
A13: L50903 | B13: TNA | C13: 237614.27 | D13: =+C13*0.19 -> 45146.712 | E13: =+C13+D13 -> 282760.98 | F13: =-VLOOKUP(A13,'bal f 2023'!E:F,2,FALSE) -> -14147.945 | G13: 0 | H13: FRAIS TRANSIT | I13: =+E13/$E$71 -> 0.017489727 | J13: CH | L13: MATERIEL SECURITE | M13: 90 | N13: 10222.171
A14: L10009 | B14: PALLISER | C14: 194152.5 | D14: =+C14*0.19 -> 36888.975 | E14: =+C14+D14 -> 231041.48 | F14: =-VLOOKUP(A14,'bal f 2023'!E:F,2,FALSE) -> 64261 | G14: 60 | H14: ADDITIF FONDERIE | I14: =+E14/$E$71 -> 0.014290699 | J14: TR 60 | L14: Total général | M14: 6.617647 | N14: 16167261
A15: L50889 | B15: AST (AVENIR SERVICE TRANSPOR | C15: 152968 | D15: =+C15*0.19 -> 29063.92 | E15: =+C15+D15 -> 182031.92 | F15: =-VLOOKUP(A15,'bal f 2023'!E:F,2,FALSE) -> -38156.135 | G15: 0 | H15: FRAIS TRANSIT | I15: =+E15/$E$71 -> 0.011259292 | J15: TR 120
A16: L10201 | B16: ACTD | C16: 151407.5 | D16: =+C16*0.19 -> 28767.425 | E16: =+C16+D16 -> 180174.92 | F16: =-VLOOKUP(A16,'bal f 2023'!E:F,2,FALSE) -> 60693 | G16: 60 | H16: ADDITIF FONDERIE | I16: =+E16/$E$71 -> 0.011144431 | J16: TR 60
A17: L10216 | B17: STE TUNISIE METAL | C17: 118434 | D17: =+C17*0.19 -> 22502.46 | E17: =+C17+D17 -> 140936.46 | F17: =-VLOOKUP(A17,'bal f 2023'!E:F,2,FALSE) -> 3201.941 | G17: 0 | H17: BATTERIE USAGE | I17: =+E17/$E$71 -> 0.0087173984 | J17: TR 120
A18: L10186 | B18: SOCIETE EL KOUKI | C18: 113499 | D18: =+C18*0.19 -> 21564.81 | E18: =+C18+D18 -> 135063.81 | F18: =-VLOOKUP(A18,'bal f 2023'!E:F,2,FALSE) -> 10711 | G18: 60 | H18: EMBLLAGE | I18: =+E18/$E$71 -> 0.0083541551 | J18: TR 60
A19: L50737 | B19: MAGHREB SOLUTIONS | C19: 93362.207 | D19: =+C19*0.19 -> 17738.819 | E19: =+C19+D19 -> 111101.03 | F19: =-VLOOKUP(A19,'bal f 2023'!E:F,2,FALSE) -> 17156.161 | G19: 0 | H19: FRAIS TRANSIT | I19: =+E19/$E$71 -> 0.0068719756 | J19: CH | M19: =+N14*(90-M14)/360 -> 3744623.1
A20: L20020 | B20: S O N E D E | C20: 89108.469 | D20: =+C20*0.19 -> 16930.609 | E20: =+C20+D20 -> 106039.08 | F20: =-VLOOKUP(A20,'bal f 2023'!E:F,2,FALSE) -> 7438.3 | G20: 0 | H20: EAU | I20: =+E20/$E$71 -> 0.0065588769 | J20: CH
A21: L10194 | B21: LE MONTAGE TUNISIE | C21: 88354.996 | D21: =+C21*0.19 -> 16787.449 | E21: =+C21+D21 -> 105142.45 | F21: =-VLOOKUP(A21,'bal f 2023'!E:F,2,FALSE) -> 18908.434 | G21: 0 | H21: ADDITIF FONDERIE | I21: =+E21/$E$71 -> 0.0065034171 | J21: CH
A22: L10015 | B22: SOCIETE TUNISO UKRAINE TUNO | C22: 85711.874 | D22: =+C22*0.19 -> 16285.256 | E22: =+C22+D22 -> 101997.13 | F22: =-VLOOKUP(A22,'bal f 2023'!E:F,2,FALSE) -> 563.292 | G22: 0 | H22: BOUCHON | I22: =+E22/$E$71 -> 0.0063088687 | J22: CH
A23: L30490 | B23: STE MAYAR RECYCLAGE | C23: 83602.75 | D23: =+C23*0.19 -> 15884.522 | E23: =+C23+D23 -> 99487.272 | F23: =-VLOOKUP(A23,'bal f 2023'!E:F,2,FALSE) -> 0 | G23: =F23*(9*30)/E23 -> 0 | H23: FRAIS TRANSIT | I23: =+E23/$E$71 -> 0.0061536255 | J23: CH
A24: L10224 | B24: SFM | C24: 78020 | D24: =+C24*0.19 -> 14823.8 | E24: =+C24+D24 -> 92843.8 | F24: =-VLOOKUP(A24,'bal f 2023'!E:F,2,FALSE) -> 57692.2 | G24: 0 | H24: BATTERIE USAGE | I24: =+E24/$E$71 -> 0.0057427042 | J24: CH
A25: L10229 | B25: STE LC METAL TRADING | C25: 66294.6 | D25: =+C25*0.19 -> 12595.974 | E25: =+C25+D25 -> 78890.574 | F25: =-VLOOKUP(A25,'bal f 2023'!E:F,2,FALSE) -> 0 | G25: =F25*(9*30)/E25 -> 0 | H25: BATTERIE USAGE | I25: =+E25/$E$71 -> 0.0048796498 | J25: CH
A26: L10211 | B26: STE STTM PLUS | C26: 60853.8 | D26: =+C26*0.19 -> 11562.222 | E26: =+C26+D26 -> 72416.022 | F26: =-VLOOKUP(A26,'bal f 2023'!E:F,2,FALSE) -> 0.599 | G26: 0 | H26: BATTERIE USAGE | I26: =+E26/$E$71 -> 0.0044791768 | J26: CH
A27: L50876 | B27: METIS | C27: 53641.609 | D27: =+C27*0.19 -> 10191.906 | E27: =+C27+D27 -> 63833.515 | F27: =-VLOOKUP(A27,'bal f 2023'!E:F,2,FALSE) -> -0.001 | G27: =F27*(9*30)/E27 -> -4.229753e-06 | H27: FRAIS TRANSIT | I27: =+E27/$E$71 -> 0.0039483196 | J27: TR 60
A28: L10018 | B28: SOCOTU | C28: 47251.997 | D28: =+C28*0.19 -> 8977.8794 | E28: =+C28+D28 -> 56229.876 | F28: =-VLOOKUP(A28,'bal f 2023'!E:F,2,FALSE) -> 0 | G28: =F28*(9*30)/E28 -> 0 | H28: FRAIS TRANSIT | I28: =+E28/$E$71 -> 0.0034780087 | J28: CH
A29: L50706 | B29: EXPRESS TRANSIT | C29: 45146.123 | D29: =+C29*0.19 -> 8577.7634 | E29: =+C29+D29 -> 53723.886 | F29: =-VLOOKUP(A29,'bal f 2023'!E:F,2,FALSE) -> 12953.518 | G29: 0 | H29: FRAIS TRANSIT | I29: =+E29/$E$71 -> 0.0033230047 | J29: CH
A30: L10215 | B30: SIPP (société des industries | C30: 43005.488 | D30: =+C30*0.19 -> 8171.0427 | E30: =+C30+D30 -> 51176.531 | F30: =-VLOOKUP(A30,'bal f 2023'!E:F,2,FALSE) -> 15452.893 | G30: 0 | H30: EMBLLAGE | I30: =+E30/$E$71 -> 0.0031654421 | J30: CH
A31: L50755 | B31: TUNISHIP | C31: 37288.972 | D31: =+C31*0.19 -> 7084.9047 | E31: =+C31+D31 -> 44373.877 | F31: =-VLOOKUP(A31,'bal f 2023'!E:F,2,FALSE) -> 40818.178 | G31: 0 | H31: FRAIS TRANSIT | I31: =+E31/$E$71 -> 0.0027446749 | J31: CH
A32: L20009 | B32: AIR LIQUIDE TUNISIE | C32: 31834.711 | D32: =+C32*0.19 -> 6048.5951 | E32: =+C32+D32 -> 37883.306 | F32: =-VLOOKUP(A32,'bal f 2023'!E:F,2,FALSE) -> -1828.172 | G32: 0 | H32: ADDITIF FONDERIE | I32: =+E32/$E$71 -> 0.0023432111 | J32: CH
A33: L10228 | B33: GENPACK | C33: 25811.2 | D33: =+C33*0.19 -> 4904.128 | E33: =+C33+D33 -> 30715.328 | F33: =-VLOOKUP(A33,'bal f 2023'!E:F,2,FALSE) -> 6357.933 | G33: 0 | H33: EMBLLAGE | I33: =+E33/$E$71 -> 0.0018998473 | J33: CH
A34: L50754 | B34: IPSEN LOGISTICS | C34: 24916.539 | D34: =+C34*0.19 -> 4734.1424 | E34: =+C34+D34 -> 29650.681 | F34: =-VLOOKUP(A34,'bal f 2023'!E:F,2,FALSE) -> -146.493 | G34: 0 | H34: FRAIS TRANSIT | I34: =+E34/$E$71 -> 0.0018339953 | J34: CH
A35: L50210 | B35: STC | C35: 24858.976 | D35: =+C35*0.19 -> 4723.2054 | E35: =+C35+D35 -> 29582.181 | F35: =-VLOOKUP(A35,'bal f 2023'!E:F,2,FALSE) -> 14893.092 | G35: 0 | H35: FRAIS TRANSIT | I35: =+E35/$E$71 -> 0.0018297583 | J35: CH
A36: L10012 | B36: STE PLASTIFILM | C36: 24421.5 | D36: =+C36*0.19 -> 4640.085 | E36: =+C36+D36 -> 29061.585 | F36: =-VLOOKUP(A36,'bal f 2023'!E:F,2,FALSE) -> 1789.785 | G36: 0 | H36: EMBLLAGE | I36: =+E36/$E$71 -> 0.0017975577 | J36: CH
A37: L10170 | B37: TUNISIE COAL | C37: 24171.527 | D37: =+C37*0.19 -> 4592.5901 | E37: =+C37+D37 -> 28764.117 | F37: =-VLOOKUP(A37,'bal f 2023'!E:F,2,FALSE) -> 0.0090000001 | G37: 90 | H37: ADDITIF FONDERIE | I37: =+E37/$E$71 -> 0.0017791583 | J37: TR 90
A38: L30493 | B38: GRENOBLE SERVICE | C38: 23636.525 | D38: =+C38*0.19 -> 4490.9398 | E38: =+C38+D38 -> 28127.465 | F38: =-VLOOKUP(A38,'bal f 2023'!E:F,2,FALSE) -> 5806.177 | G38: 0 | H38: EMBLLAGE | I38: =+E38/$E$71 -> 0.0017397792 | J38: CH
A39: L50280 | B39: MSC | C39: 23307 | D39: =+C39*0.19 -> 4428.33 | E39: =+C39+D39 -> 27735.33 | F39: =-VLOOKUP(A39,'bal f 2023'!E:F,2,FALSE) -> -109384.47 | G39: 0 | H39: FRAIS TRANSIT | I39: =+E39/$E$71 -> 0.0017155243 | J39: CH
A40: L10220 | B40: SMART SOLUTION | C40: 23069.88 | D40: =+C40*0.19 -> 4383.2772 | E40: =+C40+D40 -> 27453.157 | F40: =-VLOOKUP(A40,'bal f 2023'!E:F,2,FALSE) -> 0 | G40: 0 | H40: ADDITIF FONDERIE | I40: =+E40/$E$71 -> 0.001698071 | J40: CH
... A42: L50973 | B42: ESILAB | C42: 19879 | D42: =+C42*0.19 -> 3777.01 | E42: =+C42+D42 -> 23656.01 | F42: =-VLOOKUP(A42,'bal f 2023'!E:F,2,FALSE) -> 628.13 | G42: 0 | H42: ADDITIF FONDERIE | I42: =+E42/$E$71 -> 0.0014632045 | J42: CH
A43: L50708 | B43: AKKON TUNISIA SARL | C43: 18397.978 | D43: =+C43*0.19 -> 3495.6158 | E43: =+C43+D43 -> 21893.594 | F43: =-VLOOKUP(A43,'bal f 2023'!E:F,2,FALSE) -> 0 | G43: =F43*(9*30)/E43 -> 0 | H43: FRAIS TRANSIT | I43: =+E43/$E$71 -> 0.0013541931 | J43: CH
A44: L30469 | B44: MABRAY | C44: 17673.2 | D44: =+C44*0.19 -> 3357.908 | E44: =+C44+D44 -> 21031.108 | F44: =-VLOOKUP(A44,'bal f 2023'!E:F,2,FALSE) -> 8193.674 | G44: 0 | H44: ADDITIF FONDERIE | I44: =+E44/$E$71 -> 0.0013008454 | J44: CH
A45: L10217 | B45: AMALPACK | C45: 14443.8 | D45: =+C45*0.19 -> 2744.322 | E45: =+C45+D45 -> 17188.122 | F45: =-VLOOKUP(A45,'bal f 2023'!E:F,2,FALSE) -> 17189.122 | G45: 0 | H45: EMBLLAGE | I45: =+E45/$E$71 -> 0.0010631437 | J45: CH
A46: L60562 | B46: Sté HBH | C46: 12823.856 | D46: =+C46*0.19 -> 2436.5326 | E46: =+C46+D46 -> 15260.389 | F46: =-VLOOKUP(A46,'bal f 2023'!E:F,2,FALSE) -> 16746.562 | G46: 0 | H46: DIVERS | I46: =+E46/$E$71 -> 0.00094390684 | J46: CH
A47: L50102 | B47: ASS MAGHREBIA | C47: 10417.78 | D47: =+C47*0.19 -> 1979.3782 | E47: =+C47+D47 -> 12397.158 | F47: =-VLOOKUP(A47,'bal f 2023'!E:F,2,FALSE) -> -17604.384 | G47: 0 | H47: DIVERS | I47: =+E47/$E$71 -> 0.00076680632 | J47: CH
A48: L50697 | B48: GERMANETTI | C48: 9882.63 | D48: =+C48*0.19 -> 1877.6997 | E48: =+C48+D48 -> 11760.33 | F48: =-VLOOKUP(A48,'bal f 2023'!E:F,2,FALSE) -> 0 | G48: =F48*(9*30)/E48 -> 0 | H48: FRAIS TRANSIT | I48: =+E48/$E$71 -> 0.00072741631 | J48: CH
A49: L50140 | B49: STTAT | C49: 9414.591 | D49: =+C49*0.19 -> 1788.7723 | E49: =+C49+D49 -> 11203.363 | F49: =-VLOOKUP(A49,'bal f 2023'!E:F,2,FALSE) -> 0 | G49: =F49*(9*30)/E49 -> 0 | H49: FRAIS TRANSIT | I49: =+E49/$E$71 -> 0.00069296605 | J49: CH
A50: L30475 | B50: ST TOTAL SALES COMPANY | C50: 8590.06 | D50: =+C50*0.19 -> 1632.1114 | E50: =+C50+D50 -> 10222.171 | F50: =-VLOOKUP(A50,'bal f 2023'!E:F,2,FALSE) -> 4204.859 | G50: 90 | H50: MATERIEL SECURITE | I50: =+E50/$E$71 -> 0.000632276 | J50: CH
A51: L10199 | B51: TECHNO FILM | C51: 8304 | D51: =+C51*0.19 -> 1577.76 | E51: =+C51+D51 -> 9881.76 | F51: =-VLOOKUP(A51,'bal f 2023'!E:F,2,FALSE) -> 9882.76 | G51: 0 | H51: EMBLLAGE | I51: =+E51/$E$71 -> 0.0006112204 | J51: CH
A52: L20083 | B52: STE EL KHADRA | C52: 7010.936 | D52: =+C52*0.19 -> 1332.0778 | E52: =+C52+D52 -> 8343.0138 | F52: =-VLOOKUP(A52,'bal f 2023'!E:F,2,FALSE) -> 0 | G52: 0 | H52: ADDITIF FONDERIE | I52: =+E52/$E$71 -> 0.00051604373 | J52: CH
A53: L60325 | B53: LIN | C53: 6060 | D53: =+C53*0.19 -> 1151.4 | E53: =+C53+D53 -> 7211.4 | F53: =-VLOOKUP(A53,'bal f 2023'!E:F,2,FALSE) -> 0 | G53: 0 | H53: DIVERS | I53: =+E53/$E$71 -> 0.00044604957 | J53: CH
A54: L10221 | B54: STE HOPEAX FOR SAFETY | C54: 5940 | D54: =+C54*0.19 -> 1128.6 | E54: =+C54+D54 -> 7068.6 | F54: =-VLOOKUP(A54,'bal f 2023'!E:F,2,FALSE) -> 0 | G54: 0 | H54: EMBLLAGE | I54: =+E54/$E$71 -> 0.0004372169 | J54: CH
A55: L10218 | B55: TUNISIE ARRIMAGE | C55: 4272.26 | D55: =+C55*0.19 -> 811.7294 | E55: =+C55+D55 -> 5083.9894 | F55: =-VLOOKUP(A55,'bal f 2023'!E:F,2,FALSE) -> 58.055 | G55: 0 | H55: DIVERS | I55: =+E55/$E$71 -> 0.000314462 | J55: CH
A56: L04375 | B56: FOURNISSEURS ACHATS | C56: 4121.76 | D56: =+C56*0.19 -> 783.1344 | E56: =+C56+D56 -> 4904.8944 | F56: =-VLOOKUP(A56,'bal f 2023'!E:F,2,FALSE) -> -54612.793 | G56: 0 | H56: DIVERS | I56: =+E56/$E$71 -> 0.00030338437 | J56: CH
A57: L10163 | B57: GENERALE CHIMIE | C57: 3800 | D57: =+C57*0.19 -> 722 | E57: =+C57+D57 -> 4522 | F57: =-VLOOKUP(A57,'bal f 2023'!E:F,2,FALSE) -> 0 | G57: 0 | H57: ADDITIF FONDERIE | I57: =+E57/$E$71 -> 0.00027970105 | J57: CH
A58: L50096 | B58: STAM | C58: 3695.4 | D58: =+C58*0.19 -> 702.126 | E58: =+C58+D58 -> 4397.526 | F58: =-VLOOKUP(A58,'bal f 2023'!E:F,2,FALSE) -> -4421.308 | G58: 0 | H58: FRAIS TRANSIT | I58: =+E58/$E$71 -> 0.00027200191 | J58: CH
A59: L50992 | B59: SINDBAD TRANSWORLD SERVICES | C59: 3554.546 | D59: =+C59*0.19 -> 675.36374 | E59: =+C59+D59 -> 4229.9097 | F59: =-VLOOKUP(A59,'bal f 2023'!E:F,2,FALSE) -> 2251.376 | G59: 0 | H59: FRAIS TRANSIT | I59: =+E59/$E$71 -> 0.00026163428 | J59: CH
A60: L50702 | B60: S-SELLINI TRANS | C60: 3240 | D60: =+C60*0.19 -> 615.6 | E60: =+C60+D60 -> 3855.6 | F60: =-VLOOKUP(A60,'bal f 2023'!E:F,2,FALSE) -> 9394.4 | G60: 0 | H60: FRAIS TRANSIT | I60: =+E60/$E$71 -> 0.00023848195 | J60: CH
A61: L50707 | B61: TUNIWORLD AIRSEA | C61: 3012.385 | D61: =+C61*0.19 -> 572.35315 | E61: =+C61+D61 -> 3584.7382 | F61: =-VLOOKUP(A61,'bal f 2023'!E:F,2,FALSE) -> 0 | G61: =F61*(9*30)/E61 -> 0 | H61: FRAIS TRANSIT | I61: =+E61/$E$71 -> 0.00022172822 | J61: CH
A62: L30467 | B62: STE ABRAWARA TOUS SERVICE | C62: 2323 | D62: =+C62*0.19 -> 441.37 | E62: =+C62+D62 -> 2764.37 | F62: =-VLOOKUP(A62,'bal f 2023'!E:F,2,FALSE) -> 0 | G62: =F62*(9*30)/E62 -> 0 | H62: EMBLLAGE | I62: =+E62/$E$71 -> 0.00017098567 | J62: CH
A63: L30477 | B63: STE RAYHANA PRINT | C63: 2242.2 | D63: =+C63*0.19 -> 426.018 | E63: =+C63+D63 -> 2668.218 | F63: =-VLOOKUP(A63,'bal f 2023'!E:F,2,FALSE) -> 2034.009 | G63: 0 | H63: ETIQUETTE | I63: =+E63/$E$71 -> 0.00016503834 | J63: CH
A64: L10187 | B64: SNCR | C64: 2169.411 | D64: =+C64*0.19 -> 412.18809 | E64: =+C64+D64 -> 2581.5991 | F64: =-VLOOKUP(A64,'bal f 2023'!E:F,2,FALSE) -> 2582.599 | G64: 0 | H64: ADDITIF FONDERIE | I64: =+E64/$E$71 -> 0.00015968067 | J64: CH
A65: L30374 | B65: SMART PACK | C65: 1276.963 | D65: =+C65*0.19 -> 242.62297 | E65: =+C65+D65 -> 1519.586 | F65: =-VLOOKUP(A65,'bal f 2023'!E:F,2,FALSE) -> 0 | G65: =F65*(9*30)/E65 -> 0 | H65: EMBLLAGE | I65: =+E65/$E$71 -> 9.399155e-05 | J65: CH
A66: L30308 | B66: SAMIR MBAREK | C66: 630.252 | D66: =+C66*0.19 -> 119.74788 | E66: =+C66+D66 -> 749.99988 | F66: =-VLOOKUP(A66,'bal f 2023'!E:F,2,FALSE) -> 750 | G66: 0 | H66: EMBLLAGE | I66: =+E66/$E$71 -> 4.6390038e-05 | J66: CH
A67: L50408 | B67: Trans Glory Tunise | C67: 325 | D67: =+C67*0.19 -> 61.75 | E67: =+C67+D67 -> 386.75 | F67: =-VLOOKUP(A67,'bal f 2023'!E:F,2,FALSE) -> -130.701 | G67: 0 | H67: FRAIS TRANSIT | I67: =+E67/$E$71 -> 2.39218e-05 | J67: CH
A68: L60582 | B68: COMPTOIR AGRICOLE INDUSTRIEL | C68: 18.538 | D68: =+C68*0.19 -> 3.52222 | E68: =+C68+D68 -> 22.06022 | F68: =-VLOOKUP(A68,'bal f 2023'!E:F,2,FALSE) -> 8113.002 | G68: 0 | H68: DIVERS | I68: =+E68/$E$71 -> 1.3644995e-06 | J68: CH
A69: L50621 | B69: ATMC | C69: -1085.525 | D69: =+C69*0.19 -> -206.24975 | E69: =+C69+D69 -> -1291.7748 | F69: =-VLOOKUP(A69,'bal f 2023'!E:F,2,FALSE) -> -1139.36 | G69: 0 | H69: DIVERS | I69: =+E69/$E$71 -> -7.9900653e-05 | J69: CH
C71: =SUM(C2:C70) -> 13585934 | D71: =SUM(D2:D70) -> 2581327.5 | E71: =SUM(E2:E70) -> 16167261 | F71: =SUM(F2:F70) -> 596091.53 | G71: =+AVERAGE(G2:G69) -> 6.617647

Sheet Achat ETRANGER 23
B1: année | C1: 2023 | F1: année | G1: 2023 | I1: Nature | J1: MP | L1: Nature | M1: MP
I2: année | J2: 2023 | L2: année | M2: 2023
B3: Somme de Valeur total en DT | C3: Société | F3: Somme de Valeur total en DT | G3: Société
B4: Fournisseur | C4: SNA | F4: Nature | G4: SNA | I4: Somme de Valeur total en DT | J4: Société | M4: Société | N4: Valeurs
B5: dixone | C5: 4551044.6 | F5: MP | G5: 13467423 | I5: Fournisseur | J5: SNA | M5: SNA
B6: ACCUMA | C6: 2840916.4 | F6: Capex | G6: 512695.1 | I6: dixone | J6: 4551044.6 | L6: Fournisseur | M6: Somme de FRET / Article | N6: Somme de Montant Transit / article | O6: Somme de Surestarie / Article | P6: Somme de TOTAL FRAIS / Article
B7: accumalux | C7: 1311021.4 | F7: PDR | G7: 166890.71 | I7: ACCUMA | J7: 2840916.4 | L7: ACCUMA | M7: 525266.55 | N7: 21101.427 | O7: 1077.136 | P7: 740710.55
B8: MICROPOROUS | C8: 1136715.8 | F8: Echant | G8: 0 | I8: accumalux | J8: 1311021.4 | L8: accumalux | M8: 172737.62 | N8: 4430 | O8: 0 | P8: 204879.95
B9: ELINOIL | C9: 745098.26 | F9: Total général | G9: 14147009 | I9: MICROPOROUS | J9: 1136715.8 | L9: MICROPOROUS | M9: 82622.139 | N9: 3005 | O9: 0 | P9: 184257.67
B10: DIXON | C10: 672503.81 | I10: ELINOIL | J10: 745098.26 | L10: ELINOIL | M10: 8632 | N10: 4616 | O10: 2382 | P10: 91877.684
B11: AKUMSAN | C11: 426127.99 | I11: DIXON | J11: 672503.81 | L11: dixone | M11: 8457 | N11: 4335 | O11: 4739 | P11: 91605.472
B12: MONBAT | C12: 326140.3 | I12: AKUMSAN | J12: 426127.99 | L12: AKUMSAN | M12: 56851.68 | N12: 1465.31 | O12: 5170.598 | P12: 81801.065
B13: metaconcept | C13: 302664.53 | I13: metaconcept | J13: 302664.53 | L13: MONBAT | M13: 26554.324 | N13: 1262.716 | O13: 0 | P13: 68678.1
B14: SORFIN | C14: 301992.78 | I14: SORFIN | J14: 301992.78 | L14: MICROPOROUS | M14: 20043.325 | N14: 750 | O14: 0 | P14: 43325.004
B15: MICROPOROUS | C15: 257818.98 | I15: MONBAT | J15: 299535.03 | L15: SORFIN | M15: 17354.58 | N15: 580 | O15: 0 | P15: 35825.541
B16: zibo | C16: 250115.14 | I16: MICROPOROUS | J16: 257818.98 | L16: AMER SIL | M16: 18188.55 | N16: 669.54 | O16: 0 | P16: 23064.938
B17: SOVEMA | C17: 232445.25 | I17: GLATFELTER | J17: 151508.09 | L17: GLATFELTER | M17: 12590.576 | N17: 763.445 | O17: 0 | P17: 15396.289
B18: GLATFELTER | C18: 151508.09 | I18: Micropous | J18: 137866.31 | L18: METALSA STAGNO | M18: 7875.823 | N18: 345.729 | O18: 0 | P18: 14844.42
B19: Micropous | C19: 137866.31 | I19: YUCRY | J19: 77863.89 | L19: metaconcept | M19: 2266.2 | N19: 1308.008 | O19: 0 | P19: 10439.591
B20: YUCRY | C20: 77863.89 | I20: AMER SIL | J20: 73673.668 | L20: GOONVEAN FIBRES | M20: 7557.028 | N20: 354.234 | O20: 0 | P20: 8565.191
B21: AMER SIL | C21: 73673.668 | I21: GOONVEAN FIBRES | J21: 72572.386 | L21: PELIPAPER | M21: 5056.57 | N21: 375 | O21: 40 | P21: 7831.333
... B23: PELIPAPER | C23: 70071.901 | I23: METALSA STAGNO | J23: 38427.552 | L23: Total général | M23: 977628.45 | N23: 45772.553 | O23: 13408.734 | P23: 1629818.3
B24: WUXI HUANFA ET TECHNOLOGY | C24: 67766.737 | I24: Total général | J24: 13467423
B25: STARTER AD | C25: 41814.922
B26: METALSA STAGNO | C26: 38427.552
B27: IXO | C27: 20700.034
B28: HADI | C28: 17478.149
B29: HADI | C29: 11820.542
B30: suzho | C30: 7898.4323
B31: PI EM SI LTD | C31: 2941.335
B32: echantillons expander | C32: 0
B33: echantillons œil magique | C33: 0
B34: Total général | C34: 14147009

Sheet xxxx

Sheet LOCAUX 22
A1: CODE FRS | B1: FRS | C1: MONTANT HT | D1: TVA | E1: MONTANT TTC | F1: SOLDE | G1: DELAI | H1: PRODUIT | I1: TAUX | J1: REG
A2: L10138 | B2: STA NOUR | C2: 5953101.1 | D2: =+C2*0.19 -> 1131089.2 | E2: =+C2+D2 -> 7084190.3 | F2: =-VLOOKUP(A2,'bal f 2022'!E:F,2,0) -> 0.6 | G2: 0 | H2: BATTERIE USAGE | I2: =+E2/$E$79 -> 0.24047625 | J2: CH
A3: L10219 | B3: SBM | C3: 2829351 | D3: =+C3*0.19 -> 537576.69 | E3: =+C3+D3 -> 3366927.7 | F3: =-VLOOKUP(A3,'bal f 2022'!E:F,2,0) -> 0 | G3: 0 | H3: BATTERIE USAGE | I3: =+E3/$E$79 -> 0.11429198 | J3: CH | L3: Étiquettes de lignes | M3: Somme de MONTANT TTC | N3: Moyenne de DELAI
A4: L10216 | B4: STE TUNISIE METAL | C4: 2426394.6 | D4: =+C4*0.19 -> 461014.97 | E4: =+C4+D4 -> 2887409.6 | F4: =-VLOOKUP(A4,'bal f 2022'!E:F,2,0) -> 3201.941 | G4: 0 | H4: BATTERIE USAGE | I4: =+E4/$E$79 -> 0.098014508 | J4: TR 120 | L4: ACIDE | M4: 1255770.1 | N4: 0
A5: L10208 | B5: SOCIETE LINA METAL | C5: 2304772.7 | D5: =+C5*0.19 -> 437906.81 | E5: =+C5+D5 -> 2742679.5 | F5: =-VLOOKUP(A5,'bal f 2022'!E:F,2,0) -> 26.418 | G5: 0 | H5: BATTERIE USAGE | I5: =+E5/$E$79 -> 0.093101575 | J5: TR 60 | L5: ADDITIF FONDERIE | M5: 1175481.4 | N5: 30
A6: L10213 | B6: Ste Ben Achma de Metal | C6: 2149808.6 | D6: =+C6*0.19 -> 408463.64 | E6: =+C6+D6 -> 2558272.3 | F6: =-VLOOKUP(A6,'bal f 2022'!E:F,2,0) -> 0 | G6: 0 | H6: BATTERIE USAGE | I6: =+E6/$E$79 -> 0.086841783 | J6: CH | L6: BATTERIE USAGE | M6: 21827353 | N6: 0
A7: L50045 | B7: S. T. E. G. | C7: 1924600 | D7: =+C7*0.19 -> 365674 | E7: =+C7+D7 -> 2290274 | F7: =-VLOOKUP(A7,'bal f 2022'!E:F,2,0) -> 115793.54 | G7: 0 | H7: ELECTRICITE | I7: =+E7/$E$79 -> 0.077744453 | J7: CH | L7: BOUCHON | M7: 145670.56 | N7: 0
A8: L10003 | B8: CHIMEX | C8: 1055269 | D8: =+C8*0.19 -> 200501.11 | E8: =+C8+D8 -> 1255770.1 | F8: =-VLOOKUP(A8,'bal f 2022'!E:F,2,0) -> 193338.52 | G8: 0 | H8: ACIDE | I8: =+E8/$E$79 -> 0.042627721 | J8: CH | L8: DIVERS | M8: 35949.006 | N8: 0
A9: L10209 | B9: STE MHC METALS TRADING | C9: 570624.8 | D9: =+C9*0.19 -> 108418.71 | E9: =+C9+D9 -> 679043.51 | F9: =-VLOOKUP(A9,'bal f 2022'!E:F,2,0) -> 0 | G9: 0 | H9: BATTERIE USAGE | I9: =+E9/$E$79 -> 0.023050459 | J9: TR 60 | L9: EAU | M9: 59590.884 | N9: 0
A10: L10192 | B10: STE VALDEQ | C10: 562002.8 | D10: =+C10*0.19 -> 106780.53 | E10: =+C10+D10 -> 668783.33 | F10: =-VLOOKUP(A10,'bal f 2022'!E:F,2,0) -> 202328.15 | G10: 0 | H10: BATTERIE USAGE | I10: =+E10/$E$79 -> 0.022702172 | J10: CH | L10: ELECTRICITE | M10: 2290274 | N10: 0
A11: L10201 | B11: ACTD | C11: 534805 | D11: =+C11*0.19 -> 101612.95 | E11: =+C11+D11 -> 636417.95 | F11: =-VLOOKUP(A11,'bal f 2022'!E:F,2,0) -> 20242.5 | G11: 90 | H11: ADDITIF FONDERIE | I11: =+E11/$E$79 -> 0.021603514 | J11: TR 60 | L11: EMBLLAGE | M11: 352788.13 | N11: 15
A12: L30288 | B12: LYS IMPRESSION | C12: 487850.55 | D12: =+C12*0.19 -> 92691.604 | E12: =+C12+D12 -> 580542.15 | F12: =-VLOOKUP(A12,'bal f 2022'!E:F,2,0) -> 90198.084 | G12: 90 | H12: ETIQUETTE | I12: =+E12/$E$79 -> 0.019706783 | J12: CH | L12: ETIQUETTE | M12: 582326.97 | N12: 45
A13: L10211 | B13: STE STTM PLUS | C13: 471361.89 | D13: =+C13*0.19 -> 89558.759 | E13: =+C13+D13 -> 560920.65 | F13: =-VLOOKUP(A13,'bal f 2022'!E:F,2,0) -> 0.599 | G13: 0 | H13: BATTERIE USAGE | I13: =+E13/$E$79 -> 0.019040721 | J13: CH | L13: FRAIS TRANSIT | M13: 1281922.5 | N13: 0
A14: L20062 | B14: SOCIETE NOUR DISTRIBUTION | C14: 376692.86 | D14: =+C14*0.19 -> 71571.643 | E14: =+C14+D14 -> 448264.5 | F14: =-VLOOKUP(A14,'bal f 2022'!E:F,2,0) -> 621538.08 | G14: 0 | H14: BATTERIE | I14: =+E14/$E$79 -> 0.015216554 | J14: CH | L14: MATERIEL SECURITE | M14: 3610.46 | N14: 60
A15: L50755 | B15: TUNISHIP | C15: 354400.2 | D15: =+C15*0.19 -> 67336.037 | E15: =+C15+D15 -> 421736.23 | F15: =-VLOOKUP(A15,'bal f 2022'!E:F,2,0) -> 40818.178 | G15: 0 | H15: FRAIS TRANSIT | I15: =+E15/$E$79 -> 0.014316039 | J15: CH | L15: BATTERIE | M15: 448264.5 | N15: 0
A16: L10225 | B16: STE CHM TRADING | C16: 329083 | D16: =+C16*0.19 -> 62525.77 | E16: =+C16+D16 -> 391608.77 | F16: =-VLOOKUP(A16,'bal f 2022'!E:F,2,0) -> 24102.86 | G16: 0 | H16: BATTERIE USAGE | I16: =+E16/$E$79 -> 0.013293348 | J16: TR 60 | L16: Total général | M16: 29459002 | N16: 7.8947368
A17: L10009 | B17: PALLISER | C17: 282450 | D17: =+C17*0.19 -> 53665.5 | E17: =+C17+D17 -> 336115.5 | F17: =-VLOOKUP(A17,'bal f 2022'!E:F,2,0) -> 29435.25 | G17: 90 | H17: ADDITIF FONDERIE | I17: =+E17/$E$79 -> 0.011409602 | J17: TR 60
A18: L10226 | B18: STE ALIOS DE METAL TRADING | C18: 271763.3 | D18: =+C18*0.19 -> 51635.027 | E18: =+C18+D18 -> 323398.33 | F18: =-VLOOKUP(A18,'bal f 2022'!E:F,2,0) -> 323400.73 | G18: 0 | H18: BATTERIE USAGE | I18: =+E18/$E$79 -> 0.010977912 | J18: TR 120
A19: L50019 | B19: LA DOUANE | C19: 257634.01 | D19: =+C19*0.19 -> 48950.462 | E19: =+C19+D19 -> 306584.47 | F19: =-VLOOKUP(A19,'bal f 2022'!E:F,2,0) -> -6605.89 | G19: 0 | H19: FRAIS TRANSIT | I19: =+E19/$E$79 -> 0.010407158 | J19: CH | M19: =+M16*(90-N16)/360 -> 6718719.7
A20: L10227 | B20: STE MNASRIA DES METALS | C20: 166552 | D20: =+C20*0.19 -> 31644.88 | E20: =+C20+D20 -> 198196.88 | F20: =-VLOOKUP(A20,'bal f 2022'!E:F,2,0) -> 198197.48 | G20: 0 | H20: BATTERIE USAGE | I20: =+E20/$E$79 -> 0.0067278885 | J20: CH
A21: L50889 | B21: AST (AVENIR SERVICE TRANSPOR | C21: 135463.08 | D21: =+C21*0.19 -> 25737.985 | E21: =+C21+D21 -> 161201.06 | F21: =-VLOOKUP(A21,'bal f 2022'!E:F,2,0) -> -38154.135 | G21: 0 | H21: FRAIS TRANSIT | I21: =+E21/$E$79 -> 0.0054720476 | J21: TR 120
A22: L10222 | B22: MBT | C22: 129280 | D22: =+C22*0.19 -> 24563.2 | E22: =+C22+D22 -> 153843.2 | F22: =-VLOOKUP(A22,'bal f 2022'!E:F,2,0) -> 0 | G22: 0 | H22: BATTERIE USAGE | I22: =+E22/$E$79 -> 0.0052222815 | J22: CH
A23: L10015 | B23: SOCIETE TUNISO UKRAINE TUNO | C23: 122412.23 | D23: =+C23*0.19 -> 23258.324 | E23: =+C23+D23 -> 145670.56 | F23: =-VLOOKUP(A23,'bal f 2022'!E:F,2,0) -> 563.292 | G23: 0 | H23: BOUCHON | I23: =+E23/$E$79 -> 0.0049448572 | J23: CH
A24: L10186 | B24: SOCIETE EL KOUKI | C24: 94162.525 | D24: =+C24*0.19 -> 17890.88 | E24: =+C24+D24 -> 112053.4 | F24: =-VLOOKUP(A24,'bal f 2022'!E:F,2,0) -> 5355.6 | G24: 90 | H24: EMBLLAGE | I24: =+E24/$E$79 -> 0.0038037068 | J24: TR 60
A25: L50737 | B25: MAGHREB SOLUTIONS | C25: 90386.978 | D25: =+C25*0.19 -> 17173.526 | E25: =+C25+D25 -> 107560.5 | F25: =-VLOOKUP(A25,'bal f 2022'!E:F,2,0) -> 11499.449 | G25: 0 | H25: FRAIS TRANSIT | I25: =+E25/$E$79 -> 0.0036511931 | J25: CH
A26: L10223 | B26: STTM | C26: 84512 | D26: =+C26*0.19 -> 16057.28 | E26: =+C26+D26 -> 100569.28 | F26: =-VLOOKUP(A26,'bal f 2022'!E:F,2,0) -> 0 | G26: 0 | H26: BATTERIE USAGE | I26: =+E26/$E$79 -> 0.0034138726 | J26: TR 30
A27: L10195 | B27: STE TRIPLEX DES METAUX | C27: 74640 | D27: =+C27*0.19 -> 14181.6 | E27: =+C27+D27 -> 88821.6 | F27: =-VLOOKUP(A27,'bal f 2022'!E:F,2,0) -> 16993.8 | G27: 0 | H27: BATTERIE USAGE | I27: =+E27/$E$79 -> 0.003015092 | J27: CH
A28: L50706 | B28: EXPRESS TRANSIT | C28: 52415.366 | D28: =+C28*0.19 -> 9958.9195 | E28: =+C28+D28 -> 62374.286 | F28: =-VLOOKUP(A28,'bal f 2022'!E:F,2,0) -> 3511.072 | G28: 0 | H28: FRAIS TRANSIT | I28: =+E28/$E$79 -> 0.0021173251 | J28: CH
A29: L20020 | B29: S O N E D E | C29: 50076.373 | D29: =+C29*0.19 -> 9514.5109 | E29: =+C29+D29 -> 59590.884 | F29: =-VLOOKUP(A29,'bal f 2022'!E:F,2,0) -> 0 | G29: =F29*360/E29 -> 0 | H29: EAU | I29: =+E29/$E$79 -> 0.0020228412 | J29: CH
A30: L10215 | B30: SIPP (société des industries | C30: 46006.235 | D30: =+C30*0.19 -> 8741.1847 | E30: =+C30+D30 -> 54747.42 | F30: =-VLOOKUP(A30,'bal f 2022'!E:F,2,0) -> 14853.069 | G30: 90 | H30: EMBLLAGE | I30: =+E30/$E$79 -> 0.0018584275 | J30: CH
A31: L10217 | B31: AMALPACK | C31: 45854.4 | D31: =+C31*0.19 -> 8712.336 | E31: =+C31+D31 -> 54566.736 | F31: =-VLOOKUP(A31,'bal f 2022'!E:F,2,0) -> 0 | G31: =F31*360/E31 -> 0 | H31: EMBLLAGE | I31: =+E31/$E$79 -> 0.0018522941 | J31: CH
A32: L60136 | B32: INTER METAL | C32: 45144.8 | D32: =+C32*0.19 -> 8577.512 | E32: =+C32+D32 -> 53722.312 | F32: =-VLOOKUP(A32,'bal f 2022'!E:F,2,0) -> -0.001 | G32: 0 | H32: ADDITIF FONDERIE | I32: =+E32/$E$79 -> 0.0018236297 | J32: CH
A33: L30467 | B33: STE ABRAWARA TOUS SERVICE | C33: 39071.659 | D33: =+C33*0.19 -> 7423.6152 | E33: =+C33+D33 -> 46495.274 | F33: =-VLOOKUP(A33,'bal f 2022'!E:F,2,0) -> 0 | G33: =F33*360/E33 -> 0 | H33: EMBLLAGE | I33: =+E33/$E$79 -> 0.0015783045 | J33: CH
A34: L30490 | B34: STE MAYAR RECYCLAGE | C34: 37168 | D34: =+C34*0.19 -> 7061.92 | E34: =+C34+D34 -> 44229.92 | F34: =-VLOOKUP(A34,'bal f 2022'!E:F,2,0) -> 0 | G34: =F34*360/E34 -> 0 | H34: FRAIS TRANSIT | I34: =+E34/$E$79 -> 0.0015014059 | J34: CH
A35: L50903 | B35: TNA | C35: 33747.105 | D35: =+C35*0.19 -> 6411.95 | E35: =+C35+D35 -> 40159.055 | F35: =-VLOOKUP(A35,'bal f 2022'!E:F,2,0) -> -1233.281 | G35: 0 | H35: FRAIS TRANSIT | I35: =+E35/$E$79 -> 0.0013632185 | J35: CH
A36: L20009 | B36: AIR LIQUIDE TUNISIE | C36: 31969.969 | D36: =+C36*0.19 -> 6074.2941 | E36: =+C36+D36 -> 38044.263 | F36: =-VLOOKUP(A36,'bal f 2022'!E:F,2,0) -> -1255.262 | G36: 0 | H36: ADDITIF FONDERIE | I36: =+E36/$E$79 -> 0.0012914308 | J36: CH
A37: L50460 | B37: HTRI | C37: 29651.05 | D37: =+C37*0.19 -> 5633.6995 | E37: =+C37+D37 -> 35284.749 | F37: =-VLOOKUP(A37,'bal f 2022'!E:F,2,0) -> 0 | G37: =F37*360/E37 -> 0 | H37: FRAIS TRANSIT | I37: =+E37/$E$79 -> 0.0011977578 | J37: CH
A38: L10204 | B38: STE MAM PACK SA | C38: 24391.88 | D38: =+C38*0.19 -> 4634.4572 | E38: =+C38+D38 -> 29026.337 | F38: =-VLOOKUP(A38,'bal f 2022'!E:F,2,0) -> 0 | G38: =F38*360/E38 -> 0 | H38: EMBLLAGE | I38: =+E38/$E$79 -> 0.00098531299 | J38: CH
A39: L50973 | B39: ESILAB | C39: 23183.5 | D39: =+C39*0.19 -> 4404.865 | E39: =+C39+D39 -> 27588.365 | F39: =-VLOOKUP(A39,'bal f 2022'!E:F,2,0) -> 0 | G39: 0 | H39: ADDITIF FONDERIE | I39: =+E39/$E$79 -> 0.00093650033 | J39: CH
A40: L10220 | B40: SMART SOLUTION | C40: 21627 | D40: =+C40*0.19 -> 4109.13 | E40: =+C40+D40 -> 25736.13 | F40: =-VLOOKUP(A40,'bal f 2022'!E:F,2,0) -> 6008.91 | G40: 0 | H40: ADDITIF FONDERIE | I40: =+E40/$E$79 -> 0.00087362532 | J40: CH
A41: L10194 | B41: LE MONTAGE TUNISIE | C41: 19888 | D41: =+C41*0.19 -> 3778.72 | E41: =+C41+D41 -> 23666.72 | F41: =-VLOOKUP(A41,'bal f 2022'!E:F,2,0) -> 20194.32 | G41: 0 | H41: ADDITIF FONDERIE | I41: =+E41/$E$79 -> 0.0008033782 | J41: CH
A42: L10224 | B42: SFM | C42: 19066 | D42: =+C42*0.19 -> 3622.54 | E42: =+C42+D42 -> 22688.54 | F42: =-VLOOKUP(A42,'bal f 2022'!E:F,2,0) -> 22689.14 | G42: 0 | H42: BATTERIE USAGE | I42: =+E42/$E$79 -> 0.00077017341 | J42: CH
A43: L10170 | B43: TUNISIE COAL | C43: 17731.194 | D43: =+C43*0.19 -> 3368.9269 | E43: =+C43+D43 -> 21100.121 | F43: =-VLOOKUP(A43,'bal f 2022'!E:F,2,0) -> 21100.73 | G43: 90 | H43: ADDITIF FONDERIE | I43: =+E43/$E$79 -> 0.00071625376 | J43: TR 90
A44: L10199 | B44: TECHNO FILM | C44: 15126.4 | D44: =+C44*0.19 -> 2874.016 | E44: =+C44+D44 -> 18000.416 | F44: =-VLOOKUP(A44,'bal f 2022'!E:F,2,0) -> 0 | G44: =F44*360/E44 -> 0 | H44: EMBLLAGE | I44: =+E44/$E$79 -> 0.00061103279 | J44: CH
A45: L50995 | B45: MISTRAL SHIPPING | C45: 13910.866 | D45: =+C45*0.19 -> 2643.0645 | E45: =+C45+D45 -> 16553.931 | F45: =-VLOOKUP(A45,'bal f 2022'!E:F,2,0) -> -820.158 | G45: 0 | H45: FRAIS TRANSIT | I45: =+E45/$E$79 -> 0.00056193114 | J45: CH
A46: L04375 | B46: FOURNISSEURS ACHATS | C46: 12501.071 | D46: =+C46*0.19 -> 2375.2035 | E46: =+C46+D46 -> 14876.274 | F46: =-VLOOKUP(A46,'bal f 2022'!E:F,2,0) -> -27379.321 | G46: 0 | H46: DIVERS | I46: =+E46/$E$79 -> 0.0005049823 | J46: CH
A47: L50600 | B47: STUMAR | C47: 12469.908 | D47: =+C47*0.19 -> 2369.2825 | E47: =+C47+D47 -> 14839.191 | F47: =-VLOOKUP(A47,'bal f 2022'!E:F,2,0) -> -636.54 | G47: 0 | H47: FRAIS TRANSIT | I47: =+E47/$E$79 -> 0.00050372347 | J47: CH
A48: L30308 | B48: SAMIR MBAREK | C48: 12321.36 | D48: =+C48*0.19 -> 2341.0584 | E48: =+C48+D48 -> 14662.418 | F48: =-VLOOKUP(A48,'bal f 2022'!E:F,2,0) -> 0 | G48: =F48*360/E48 -> 0 | H48: EMBLLAGE | I48: =+E48/$E$79 -> 0.00049772285 | J48: CH
A49: L50216 | B49: STE HECHMI TRANSPORT | C49: 12300 | D49: =+C49*0.19 -> 2337 | E49: =+C49+D49 -> 14637 | F49: =-VLOOKUP(A49,'bal f 2022'!E:F,2,0) -> 2997.2 | G49: 0 | H49: FRAIS TRANSIT | I49: =+E49/$E$79 -> 0.00049686001 | J49: CH
A50: L50861 | B50: SOTUMAR | C50: 12249.585 | D50: =+C50*0.19 -> 2327.4212 | E50: =+C50+D50 -> 14577.006 | F50: =-VLOOKUP(A50,'bal f 2022'!E:F,2,0) -> -310 | G50: 0 | H50: FRAIS TRANSIT | I50: =+E50/$E$79 -> 0.00049482349 | J50: CH
A51: L30360 | B51: BOUDAYA AZOUZ BEN JALLOUL | C51: 11000 | D51: =+C51*0.19 -> 2090 | E51: =+C51+D51 -> 13090 | F51: =-VLOOKUP(A51,'bal f 2022'!E:F,2,0) -> 0.6 | G51: 0 | H51: ADDITIF FONDERIE | I51: =+E51/$E$79 -> 0.00044434635 | J51: CH
A52: L50984 | B52: SEA LOG | C52: 9968.36 | D52: =+C52*0.19 -> 1893.9884 | E52: =+C52+D52 -> 11862.348 | F52: =-VLOOKUP(A52,'bal f 2022'!E:F,2,0) -> -180.409 | G52: 0 | H52: FRAIS TRANSIT | I52: =+E52/$E$79 -> 0.00040267313 | J52: CH
A53: L50280 | B53: MSC | C53: 9644 | D53: =+C53*0.19 -> 1832.36 | E53: =+C53+D53 -> 11476.36 | F53: =-VLOOKUP(A53,'bal f 2022'!E:F,2,0) -> -57538.794 | G53: 0 | H53: FRAIS TRANSIT | I53: =+E53/$E$79 -> 0.00038957056 | J53: CH
A54: L10210 | B54: STP | C54: 8707.65 | D54: =+C54*0.19 -> 1654.4535 | E54: =+C54+D54 -> 10362.103 | F54: =-VLOOKUP(A54,'bal f 2022'!E:F,2,0) -> 0 | G54: =F54*360/E54 -> 0 | H54: EMBLLAGE | I54: =+E54/$E$79 -> 0.00035174659 | J54: CH
A55: L50102 | B55: ASS MAGHREBIA | C55: 7775.402 | D55: =+C55*0.19 -> 1477.3264 | E55: =+C55+D55 -> 9252.7284 | F55: =-VLOOKUP(A55,'bal f 2022'!E:F,2,0) -> 6079.644 | G55: 0 | H55: DIVERS | I55: =+E55/$E$79 -> 0.00031408832 | J55: CH
A56: L60325 | B56: LIN | C56: 6787.2 | D56: =+C56*0.19 -> 1289.568 | E56: =+C56+D56 -> 8076.768 | F56: =-VLOOKUP(A56,'bal f 2022'!E:F,2,0) -> 3270.368 | G56: 0 | H56: DIVERS | I56: =+E56/$E$79 -> 0.00027416978 | J56: CH
A57: L10221 | B57: STE HOPEAX FOR SAFETY | C57: 5830 | D57: =+C57*0.19 -> 1107.7 | E57: =+C57+D57 -> 6937.7 | F57: =-VLOOKUP(A57,'bal f 2022'!E:F,2,0) -> 6938.3 | G57: 0 | H57: EMBLLAGE | I57: =+E57/$E$79 -> 0.00023550357 | J57: CH
A58: L50583 | B58: M&M(MILTZER & MUNCH) | C58: 5465.995 | D58: =+C58*0.19 -> 1038.5391 | E58: =+C58+D58 -> 6504.5341 | F58: =-VLOOKUP(A58,'bal f 2022'!E:F,2,0) -> 0 | G58: 0 | H58: FRAIS TRANSIT | I58: =+E58/$E$79 -> 0.00022079954 | J58: CH
A59: L50096 | B59: STAM | C59: 5272.2 | D59: =+C59*0.19 -> 1001.718 | E59: =+C59+D59 -> 6273.918 | F59: =-VLOOKUP(A59,'bal f 2022'!E:F,2,0) -> 49.276 | G59: 0 | H59: FRAIS TRANSIT | I59: =+E59/$E$79 -> 0.00021297117 | J59: CH
A60: L10012 | B60: STE PLASTIFILM | C60: 3727.5 | D60: =+C60*0.19 -> 708.225 | E60: =+C60+D60 -> 4435.725 | F60: =-VLOOKUP(A60,'bal f 2022'!E:F,2,0) -> 4436.325 | G60: 0 | H60: EMBLLAGE | I60: =+E60/$E$79 -> 0.00015057282 | J60: CH
A61: L30475 | B61: ST TOTAL SALES COMPANY | C61: 3034 | D61: =+C61*0.19 -> 576.46 | E61: =+C61+D61 -> 3610.46 | F61: =-VLOOKUP(A61,'bal f 2022'!E:F,2,0) -> 14482.717 | G61: 60 | H61: MATERIEL SECURITE | I61: =+E61/$E$79 -> 0.0001225588 | J61: CH
A62: L10218 | B62: TUNISIE ARRIMAGE | C62: 2142.79 | D62: =+C62*0.19 -> 407.1301 | E62: =+C62+D62 -> 2549.9201 | F62: =-VLOOKUP(A62,'bal f 2022'!E:F,2,0) -> 0 | G62: =F62*360/E62 -> 0 | H62: DIVERS | I62: =+E62/$E$79 -> 8.6558265e-05 | J62: CH
A63: L30477 | B63: STE RAYHANA PRINT | C63: 1499.849 | D63: =+C63*0.19 -> 284.97131 | E63: =+C63+D63 -> 1784.8203 | F63: =-VLOOKUP(A63,'bal f 2022'!E:F,2,0) -> 1390.594 | G63: 0 | H63: ETIQUETTE | I63: =+E63/$E$79 -> 6.0586585e-05 | J63: CH
A64: L30444 | B64: STE HECOMED | C64: 1150 | D64: =+C64*0.19 -> 218.5 | E64: =+C64+D64 -> 1368.5 | F64: =-VLOOKUP(A64,'bal f 2022'!E:F,2,0) -> 0 | G64: =F64*360/E64 -> 0 | H64: DIVERS | I64: =+E64/$E$79 -> 4.6454391e-05 | J64: CH
A65: L30487 | B65: SECCO | C65: 1028.027 | D65: =+C65*0.19 -> 195.32513 | E65: =+C65+D65 -> 1223.3521 | F65: =-VLOOKUP(A65,'bal f 2022'!E:F,2,0) -> 0 | G65: =F65*360/E65 -> 0 | H65: FRAIS TRANSIT | I65: =+E65/$E$79 -> 4.1527277e-05 | J65: CH
A66: L50167 | B66: CETIME | C66: 970 | D66: =+C66*0.19 -> 184.3 | E66: =+C66+D66 -> 1154.3 | F66: =-VLOOKUP(A66,'bal f 2022'!E:F,2,0) -> 0 | G66: =F66*360/E66 -> 0 | H66: FRAIS TRANSIT | I66: =+E66/$E$79 -> 3.9183269e-05 | J66: CH
A67: L30476 | B67: STE SIPA SA | C67: 892 | D67: =+C67*0.19 -> 169.48 | E67: =+C67+D67 -> 1061.48 | F67: =-VLOOKUP(A67,'bal f 2022'!E:F,2,0) -> -9.52 | G67: 0 | H67: EMBLLAGE | I67: =+E67/$E$79 -> 3.603245e-05 | J67: CH
A68: L50308 | B68: GENMAR | C68: 848.604 | D68: =+C68*0.19 -> 161.23476 | E68: =+C68+D68 -> 1009.8388 | F68: =-VLOOKUP(A68,'bal f 2022'!E:F,2,0) -> -270.13 | G68: 0 | H68: FRAIS TRANSIT | I68: =+E68/$E$79 -> 3.4279463e-05 | J68: CH
A69: L50125 | B69: ECULINE | C69: 667.606 | D69: =+C69*0.19 -> 126.84514 | E69: =+C69+D69 -> 794.45114 | F69: =-VLOOKUP(A69,'bal f 2022'!E:F,2,0) -> 0 | G69: =F69*360/E69 -> 0 | H69: FRAIS TRANSIT | I69: =+E69/$E$79 -> 2.6968026e-05 | J69: CH
A70: L50363 | B70: CTN | C70: 471.065 | D70: =+C70*0.19 -> 89.50235 | E70: =+C70+D70 -> 560.56735 | F70: =-VLOOKUP(A70,'bal f 2022'!E:F,2,0) -> 0 | G70: =F70*360/E70 -> 0 | H70: FRAIS TRANSIT | I70: =+E70/$E$79 -> 1.9028729e-05 | J70: CH
A71: L50408 | B71: Trans Glory Tunise | C71: 440.8 | D71: =+C71*0.19 -> 83.752 | E71: =+C71+D71 -> 524.552 | F71: =-VLOOKUP(A71,'bal f 2022'!E:F,2,0) -> 128.644 | G71: 0 | H71: FRAIS TRANSIT | I71: =+E71/$E$79 -> 1.780617e-05 | J71: CH
A72: L30374 | B72: SMART PACK | C72: 369.003 | D72: =+C72*0.19 -> 70.11057 | E72: =+C72+D72 -> 439.11357 | F72: =-VLOOKUP(A72,'bal f 2022'!E:F,2,0) -> 0 | G72: =F72*360/E72 -> 0 | H72: EMBLLAGE | I72: =+E72/$E$79 -> 1.4905922e-05 | J72: CH
A73: L50992 | B73: SINDBAD TRANSWORLD SERVICES | C73: 355.118 | D73: =+C73*0.19 -> 67.47242 | E73: =+C73+D73 -> 422.59042 | F73: =-VLOOKUP(A73,'bal f 2022'!E:F,2,0) -> 4815.44 | G73: 0 | H73: FRAIS TRANSIT | I73: =+E73/$E$79 -> 1.4345035e-05 | J73: CH
A74: L50297 | B74: CMA CGM Tunisie | C74: 317.89 | D74: =+C74*0.19 -> 60.3991 | E74: =+C74+D74 -> 378.2891 | F74: =-VLOOKUP(A74,'bal f 2022'!E:F,2,0) -> 0 | G74: 0 | H74: FRAIS TRANSIT | I74: =+E74/$E$79 -> 1.2841206e-05 | J74: CH
A75: L50601 | B75: GMC | C75: 198.5 | D75: =+C75*0.19 -> 37.715 | E75: =+C75+D75 -> 236.215 | F75: =-VLOOKUP(A75,'bal f 2022'!E:F,2,0) -> 0 | G75: =F75*360/E75 -> 0 | H75: DIVERS | I75: =+E75/$E$79 -> 8.0184319e-06 | J75: CH
A76: L50291 | B76: smti | C76: 0.001 | D76: =+C76*0.19 -> 0.00019 | E76: =+C76+D76 -> 0.00119 | F76: =-VLOOKUP(A76,'bal f 2022'!E:F,2,0) -> 0 | G76: =F76*360/E76 -> 0 | H76: DIVERS | I76: =+E76/$E$79 -> 4.0395123e-11 | J76: CH
A77: L50621 | B77: ATMC | C77: -345.715 | D77: =+C77*0.19 -> -65.68585 | E77: =+C77+D77 -> -411.40085 | F77: =-VLOOKUP(A77,'bal f 2022'!E:F,2,0) -> 0 | G77: =F77*360/E77 -> 0 | H77: DIVERS | I77: =+E77/$E$79 -> -1.39652e-05 | J77: CH
C79: =SUM(C2:C78) -> 24755464 | D79: =SUM(D2:D78) -> 4703538.1 | E79: =SUM(E2:E78) -> 29459002 | F79: =SUM(F2:F78) -> 1895588 | G79: =+AVERAGE(G2:G77) -> 7.8947368

Sheet Achat ETRANGER 24
B1: année | C1: 2024 | F1: année | G1: 2024 | I1: Nature | J1: MP | L1: Nature | M1: MP
I2: année | J2: 2024 | L2: année | M2: 2024
B3: Somme de Valeur total en DT | C3: Société | F3: Somme de Valeur total en DT | G3: Société
B4: Fournisseur | C4: SNA | F4: Nature | G4: SNA | I4: Somme de Valeur total en DT | J4: Société | M4: Société | N4: Valeurs
B5: DIXON | C5: 13000390 | F5: MP | G5: 33575988 | I5: Fournisseur | J5: SNA | M5: SNA
B6: ELBAT | C6: 7233450.2 | F6: MPA | G6: 3138853.9 | I6: DIXON | J6: 13000390 | L6: Fournisseur | M6: Somme de FRET / Article | N6: Somme de Montant Transit / article | O6: Somme de Surestarie / Article | P6: Somme de TOTAL FRAIS / Article
B7: MONBAT | C7: 6675197.4 | F7: Capex | G7: 957090.39 | I7: ELBAT | J7: 7233450.2 | L7: ACCUMA | M7: 266500.86 | N7: 11961.806 | O7: 672.32 | P7: 384657.3
B8: ACCUMA | C8: 1697340 | F8: PDR | G8: 113793.76 | I8: MONBAT | J8: 4598180.8 | L8: MONBAT | M8: 165141.5 | N8: 6424 | O8: 0 | P8: 231111.27
B9: accumalux | C9: 1395895.1 | F9: Total général | G9: 37785726 | I9: ACCUMA | J9: 1485374.6 | L9: MICROPOROUS | M9: 81851.715 | N9: 3000 | O9: 0 | P9: 174884.46
B10: RASASS | C10: 1320312.6 | I10: RASASS | J10: 1320312.6 | L10: accumalux | M10: 134722.71 | N10: 3540.4042 | O10: 882.079 | P10: 166397.03
B11: MICROPOROUS | C11: 1116073.2 | I11: accumalux | J11: 1043400.3 | L11: AKUMSAN | M11: 40033.38 | N11: 1724.676 | O11: 0 | P11: 54029.649
B12: metaconcept | C12: 1064177.1 | I12: MICROPOROUS | J12: 999570.28 | L12: ELINOIL | M12: 3630 | N12: 2126.121 | O12: 1890 | P12: 45144.26
B13: Meta entreprice | C13: 707667.56 | I13: metaconcept | J13: 850847.16 | L13: GLATFELTER | M13: 31681.198 | N13: 1539.514 | O13: 0 | P13: 36322.623
B14: AKUMSAN | C14: 337172.04 | I14: Meta entreprice | J14: 707667.56 | L14: SORFIN | M14: 22115.703 | N14: 870 | O14: 0 | P14: 26616.345
B15: GLATFELTER | C15: 315580.89 | I15: AKUMSAN | J15: 337172.04 | L15: RASASS | M15: 2183.2 | N15: 3019 | O15: 201 | P15: 18874.633
B16: AKUMPLAST | C16: 302142.12 | I16: GLATFELTER | J16: 315580.89 | L16: AMER SIL | M16: 8603.01 | N16: 415.233 | O16: 0 | P16: 18336.992
B17: ELINOIL | C17: 293503.18 | I17: AKUMPLAST | J17: 302142.12 | L17: metaconcept | M17: 3955.1 | N17: 2110.29 | O17: 0 | P17: 17890.677
B18: SOVEMA | C18: 285778.19 | I18: ELINOIL | J18: 244894.97 | L18: YUCRY | M18: 13921.681 | N18: 354.389 | O18: 0 | P18: 15316.925
B19: SORFIN | C19: 256175.41 | I19: METACONCEPT | J19: 209689.67 | L19: GOONVEAN FIBRES | M19: 12124.892 | N19: 540.849 | O19: 0 | P19: 13573.107
B20: WUXI HUANFA ET TECHNOLOGY | C20: 239526.89 | I20: SORFIN | J20: 195436.53 | L20: YUCRY | M20: 11437.489 | N20: 412.306 | O20: 0 | P20: 13112.956
B21: CHANGXING JIGUANG NEW ENERGY TECHNOLOGY | C21: 230030.17 | I21: MICROPROUS | J21: 124638.21 | L21: METALSA STAGNO | M21: 6135.391 | N21: 267.777 | O21: 0 | P21: 11344.619
... B24: MICROPROUS | C24: 124638.21 | I24: monbat recycling | J24: 75015.601 | L24: Total général | M24: 804841.43 | N24: 38706.495 | O24: 3645.399 | P24: 1237512
B25: AKUMLAST | C25: 105583.95 | I25: Monbat RECYC | J25: 71024.115
B26: GOONVEAN FIBRES | C26: 93540.987 | I26: YUCRY | J26: 65966.842
B27: monbat recycling | C27: 75015.601 | I27: AMER SIL | J27: 52513.202
B28: Monbat RECYC | C28: 71024.115 | I28: YUCRY | J28: 46870.102
B29: MONPLAST | C29: 69360.944 | I29: krines EOOD | J29: 36946.644
B30: Monbat AD | C30: 67473 | I30: METALSA STAGNO | J30: 29069.568
B31: YUCRY | C31: 65966.842 | I31: WUXI HUANFA ET TECHNOLOGY | J31: 17505.192
B32: AMER SIL | C32: 52513.202 | I32: ATI | J32: 9007.1061
B33: YUCRY | C33: 46870.102 | I33: INTERCONNECT | J33: 4196.7066
B34: krines EOOD | C34: 36946.644 | I34: Total général | J34: 33575988
B35: METALSA STAGNO | C35: 29069.568
B36: frimax | C36: 12848.37
B37: ATI | C37: 9007.1061
B38: BETTER TECHNOLOGIE | C38: 8683.388
B39: INTERCONNECT | C39: 4196.7066
B40: INTERCONNECT | C40: 1781.648
B41: AMETEK | C41: 1076.3823
B42: Total général | C42: 37785726

Sheet VENTE LOCAL 24 
A1: Date | B1: N°Facture | C1: Montant TND HT | D1: Montant TPE | E1: Montant FODEC | F1: Montant Base TVA | G1: Montant TVA | H1: Montant TTC
A2: 45322 | B2: FN240017 | C2: 227000 | D2: 0 | E2: 0 | F2: =+C2+D2+E2 -> 227000 | G2: =+F2*0.19 -> 43130 | H2: =+C2+D2+E2+G2 -> 270130
A3: 45322 | B3: AC230025 | C3: -585260.36 | D3: -40879.052 | E3: -5839.865 | F3: =+C3+D3+E3 -> -631979.28 | G3: =+F3*0.19 -> -120076.06 | H3: =+C3+D3+E3+G3 -> -752055.34
A4: 45322 | B4: FN240019 | C4: =2794513.553+3180 -> 2797693.6 | D4: 195080.91 | E4: 27868.702 | F4: =+C4+D4+E4 -> 3020643.2 | G4: =+F4*0.19 -> 573922.2 | H4: =+C4+D4+E4+G4 -> 3594565.4
A5: 45322 | B5: FN240018 | C5: 227 | D5: 0 | E5: 0 | F5: =+C5+D5+E5 -> 227 | G5: =+F5*0.19 -> 43.13 | H5: =+C5+D5+E5+G5 -> 270.13
A6: 45322 | B6: AC230024 | C6: -227000 | D6: 0 | E6: 0 | F6: =+C6+D6+E6 -> -227000 | G6: =+F6*0.19 -> -43130 | H6: =+C6+D6+E6+G6 -> -270130
A7: 45335 | B7: FN240028 | C7: 21313.716 | D7: 0 | E7: 0 | F7: =+C7+D7+E7 -> 21313.716 | G7: =+F7*0.19 -> 4049.606 | H7: =+C7+D7+E7+G7 -> 25363.322
A8: 45351 | B8: FN240036 | C8: 2296540.8 | D8: 160490.34 | E8: 22927.193 | F8: =+C8+D8+E8 -> 2479958.4 | G8: =+F8*0.19 -> 471192.09 | H8: =+C8+D8+E8+G8 -> 2951150.5
A9: 45351 | B9: AC240003 | C9: -145318.61 | D9: -10172.302 | E9: -1453.186 | F9: =+C9+D9+E9 -> -156944.09 | G9: =+F9*0.19 -> -29819.378 | H9: =+C9+D9+E9+G9 -> -186763.47
A10: 45364 | B10: FN240037 | C10: 18991.597 | D10: 0 | E10: 0 | F10: =+C10+D10+E10 -> 18991.597 | G10: =+F10*0.19 -> 3608.4034 | H10: =+C10+D10+E10+G10 -> 22600
A11: 45380 | B11: FN240051 | C11: 1908024.6 | D11: 133543.89 | E11: 19077.7 | F11: =+C11+D11+E11 -> 2060646.2 | G11: =+F11*0.19 -> 391522.79 | H11: =+C11+D11+E11+G11 -> 2452169
A12: 45380 | B12: AC240004 | C12: -95248.587 | D12: -6667.401 | E12: -952.486 | F12: =+C12+D12+E12 -> -102868.47 | G12: =+F12*0.19 -> -19545.01 | H12: =+C12+D12+E12+G12 -> -122413.48
A13: 45380 | B13: FN240058 | C13: 1987.5 | D13: 139.125 | E13: 19.875 | F13: =+C13+D13+E13 -> 2146.5 | G13: =+F13*0.19 -> 407.835 | H13: =+C13+D13+E13+G13 -> 2554.335
A14: 45380 | B14: FN240060 | C14: 81763.2 | D14: 0 | E14: 0 | F14: =+C14+D14+E14 -> 81763.2 | G14: =+F14*0.19 -> 15535.008 | H14: =+C14+D14+E14+G14 -> 97298.208
A15: 45380 | B15: FN240062 | C15: 387.47 | D15: 0 | E15: 0 | F15: =+C15+D15+E15 -> 387.47 | G15: =+F15*0.19 -> 73.6193 | H15: =+C15+D15+E15+G15 -> 461.0893
A16: 45412 | B16: FN240069 | C16: =2122597.918+45 -> 2122642.9 | D16: 148581.85 | E16: 21225.981 | F16: =+C16+D16+E16 -> 2292450.8 | G16: =+F16*0.19 -> 435565.64 | H16: =+C16+D16+E16+G16 -> 2728016.4
A17: 45412 | B17: AC240005 | C17: -151237.54 | D17: -10586.628 | E17: -1512.375 | F17: =+C17+D17+E17 -> -163336.54 | G17: =+F17*0.19 -> -31033.942 | H17: =+C17+D17+E17+G17 -> -194370.48
A18: 45412 | B18: FN240071 | C18: 81763.2 | D18: 0 | E18: 0 | F18: =+C18+D18+E18 -> 81763.2 | G18: =+F18*0.19 -> 15535.008 | H18: =+C18+D18+E18+G18 -> 97298.208
A19: 45412 | B19: FN240072 | C19: 37119.86 | D19: 0 | E19: 0 | F19: =+C19+D19+E19 -> 37119.86 | G19: =+F19*0.19 -> 7052.7734 | H19: =+C19+D19+E19+G19 -> 44172.633
A20: 45412 | B20: FN240070 | C20: 11369.5 | D20: 795.865 | E20: 113.695 | F20: =+C20+D20+E20 -> 12279.06 | G20: =+F20*0.19 -> 2333.0214 | H20: =+C20+D20+E20+G20 -> 14612.081
A21: 45443 | B21: FN240094 | C21: =3387554.118+840 -> 3388394.1 | D21: 235969.01 | E21: 33709.859 | F21: =+C21+D21+E21 -> 3658073 | G21: =+F21*0.19 -> 695033.87 | H21: =+C21+D21+E21+G21 -> 4353106.9
A22: 45443 | B22: FN240093 | C22: 79464.8 | D22: 5562.536 | E22: 794.648 | F22: =+C22+D22+E22 -> 85821.984 | G22: =+F22*0.19 -> 16306.177 | H22: =+C22+D22+E22+G22 -> 102128.16
A23: 45443 | B23: FN240092 | C23: 490 | D23: 0 | E23: 0 | F23: =+C23+D23+E23 -> 490 | G23: =+F23*0.19 -> 93.1 | H23: =+C23+D23+E23+G23 -> 583.1
A24: 45443 | B24: AC240006 | C24: -329676.83 | D24: -23077.378 | E24: -3296.768 | F24: =+C24+D24+E24 -> -356050.98 | G24: =+F24*0.19 -> -67649.686 | H24: =+C24+D24+E24+G24 -> -423700.66
A25: 45443 | B25: AC240007 | C25: -81763.2 | D25: 0 | E25: 0 | F25: =+C25+D25+E25 -> -81763.2 | G25: =+F25*0.19 -> -15535.008 | H25: =+C25+D25+E25+G25 -> -97298.208
A26: 45473 | B26: FN240112 | C26: 3401848.8 | D26: 238091.6 | E26: 34013.086 | F26: =+C26+D26+E26 -> 3673953.5 | G26: =+F26*0.19 -> 698051.16 | H26: =+C26+D26+E26+G26 -> 4372004.6
A27: 45473 | B27: AC240009 | C27: -424546.63 | D27: -29718.264 | E27: -4245.466 | F27: =+C27+D27+E27 -> -458510.36 | G27: =+F27*0.19 -> -87116.969 | H27: =+C27+D27+E27+G27 -> -545627.33
A28: 45473 | B28: AC240010 | C28: -59363.554 | D28: -4155.449 | E28: -593.636 | F28: =+C28+D28+E28 -> -64112.639 | G28: =+F28*0.19 -> -12181.401 | H28: =+C28+D28+E28+G28 -> -76294.04
A29: 45473 | B29: AC240011 | C29: -14747.455 | D29: -1032.322 | E29: -147.475 | F29: =+C29+D29+E29 -> -15927.252 | G29: =+F29*0.19 -> -3026.1779 | H29: =+C29+D29+E29+G29 -> -18953.43
A30: 45473 | B30: FN240131 | C30: 1987.5 | D30: 139.125 | E30: 19.875 | F30: =+C30+D30+E30 -> 2146.5 | G30: =+F30*0.19 -> 407.835 | H30: =+C30+D30+E30+G30 -> 2554.335
A31: 45473 | B31: FN240133 | C31: 10600 | D31: 742 | E31: 106 | F31: =+C31+D31+E31 -> 11448 | G31: =+F31*0.19 -> 2175.12 | H31: =+C31+D31+E31+G31 -> 13623.12
A32: 45473 | B32: FN240129 | C32: 1946.5 | D32: 0 | E32: 0 | F32: =+C32+D32+E32 -> 1946.5 | G32: =+F32*0.19 -> 369.835 | H32: =+C32+D32+E32+G32 -> 2316.335
A33: 45473 | B33: AC240012 | C33: -1946.5 | D33: 0 | E33: 0 | F33: =+C33+D33+E33 -> -1946.5 | G33: =+F33*0.19 -> -369.835 | H33: =+C33+D33+E33+G33 -> -2316.335
... A51: 45559 | B51: FN240177 | C51: 40181.2 | D51: 2812.684 | E51: 401.812 | F51: =+C51+D51+E51 -> 43395.696 | G51: =+F51*0.19 -> 8245.1822 | H51: =+C51+D51+E51+G51 -> 51640.878
A52: 45596 | B52: FN240192 | C52: =3476624.226+160 -> 3476784.2 | D52: 243363.69 | E52: 34766.241 | F52: =+C52+D52+E52 -> 3754914.2 | G52: =+F52*0.19 -> 713433.69 | H52: =+C52+D52+E52+G52 -> 4468347.9
A53: 45596 | B53: AC240020 | C53: -57105.766 | D53: -3997.404 | E53: -571.058 | F53: =+C53+D53+E53 -> -61674.228 | G53: =+F53*0.19 -> -11718.103 | H53: =+C53+D53+E53+G53 -> -73392.331
A54: 45596 | B54: FN240198 | C54: 781.029 | D54: 0 | E54: 0 | F54: =+C54+D54+E54 -> 781.029 | G54: =+F54*0.19 -> 148.39551 | H54: =+C54+D54+E54+G54 -> 929.42451
A55: 45596 | B55: FN240199 | C55: 488.2 | D55: 0 | E55: 0 | F55: =+C55+D55+E55 -> 488.2 | G55: =+F55*0.19 -> 92.758 | H55: =+C55+D55+E55+G55 -> 580.958
A56: 45597 | B56: FN240197 | C56: 86890.8 | D56: 0 | E56: 0 | F56: =+C56+D56+E56 -> 86890.8 | G56: =+F56*0.19 -> 16509.252 | H56: =+C56+D56+E56+G56 -> 103400.05
A57: 45626 | B57: FN240223 | C57: 3041692.2 | D57: 212918.45 | E57: 30416.922 | F57: =+C57+D57+E57+15 -> 3285042.6 | G57: 624158.09 | H57: =+C57+D57+E57+G57 -> 3909185.7
A58: 45626 | B58: AC240021 | C58: -27147.072 | D58: -1900.295 | E58: -271.471 | F58: =+C58+D58+E58 -> -29318.838 | G58: =+F58*0.19 -> -5570.5792 | H58: =+C58+D58+E58+G58 -> -34889.417
A59: 45626 | B59: FN240224 | C59: 26382.7 | D59: 1800.589 | E59: 257.227 | F59: =+C59+D59+E59 -> 28440.516 | G59: 5403.698 | H59: =+C59+D59+E59+G59 -> 33844.214
A60: 45654 | B60: FN240225 | C60: 2475559.7 | D60: 173289.18 | E60: 24755.598 | F60: =+C60+D60+E60+1845 -> 2675449.5 | G60: =+F60*0.19 -> 508335.41 | H60: =F60+G60 -> 3183784.9
A61: 45654 | B61: AC240022 | C61: -32626.069 | D61: -2283.825 | E61: -326.261 | F61: =+C61+D61+E61 -> -35236.155 | G61: =+F61*0.19 -> -6694.8695 | H61: =+C61+D61+E61+G61 -> -41931.024
A62: 45654 | B62: FN240247 | C62: 65585.165 | D62: 2805.544 | E62: 400.792 | F62: =+C62+D62+E62 -> 68791.501 | G62: =+F62*0.19 -> 13070.385 | H62: =F62+G62 -> 81861.886
A63: 45654 | B63: FN240248 | C63: 606.1 | D63: 0 | E63: 0 | F63: =+C63+D63+E63 -> 606.1 | G63: =+F63*0.19 -> 115.159 | H63: =F63+G63 -> 721.259
C65: =SUM(C2:C63) -> 35514190 | D65: =SUM(D2:D63) -> 2435968.5 | E65: =SUM(E2:E63) -> 347995.49 | F65: =SUM(F2:F63) -> 38300014 | G65: =SUM(G2:G63) -> 7277002.7 | H65: =SUM(H2:H63) -> 45577002
C68: Étiquettes de lignes | D68: Somme de Montant TND HT | E68: Somme de Montant TPE | F68: Somme de Montant FODEC | G68: Somme de Montant Base TVA | H68: Somme de Montant TVA | I68: Base TVA déclarations | K68: TPE déclaré | L68: FODEC déclaré | M68: TVA déclaré
C69: janv | D69: 2212660.2 | E69: 154201.86 | F69: 22028.837 | G69: 2388890.9 | H69: 453889.27 | I69: 2388890.9 | J69: =G69-I69 -> 0.0049999999 | K69: 154572.86 | L69: 22081.837 | M69: 453889.27 | N69: =E69-K69 -> -371 | O69: =F69-L69 -> -53 | P69: =H69-M69 -> 0.00186
C70: févr | D70: 2172536 | E70: 150318.04 | F70: 21474.007 | G70: 2344328 | H70: 445422.32 | I70: 2344328 | J70: =G70-I70 -> 0.0079999999 | K70: 150318.05 | L70: 21474.007 | M70: 445422.32 | N70: =E70-K70 -> -0.008 | O70: =F70-L70 -> 0 | P70: =H70-M70 -> 0.0015699999
C71: mars | D71: 1915905.8 | E71: 127015.62 | F71: 18145.089 | G71: 2061066.5 | H71: 391602.64 | I71: 2061066.5 | J71: =G71-I71 -> 0.0020000003 | K71: 127757.62 | L71: 18251.089 | M71: 391602.64 | N71: =E71-K71 -> -742.007 | O71: =F71-L71 -> -106 | P71: =H71-M71 -> 0.00046000007
C72: avr | D72: 2101657.9 | E72: 138791.09 | F72: 19827.301 | G72: 2260276.3 | H72: 429452.5 | I72: 2260276.3 | J72: =G72-I72 -> -0.013 | K72: 138791.11 | L72: 19827.301 | M72: 429452.51 | N72: =E72-K72 -> -0.016 | O72: =F72-L72 -> 0 | P72: =H72-M72 -> -0.00154
C73: mai | D73: 3056908.9 | E73: 218454.17 | F73: 31207.739 | G73: 3306570.8 | H73: 628248.45 | I73: 3306570.8 | J73: =G73-I73 -> 0.0060000001 | K73: 218454.17 | L73: 31207.739 | M73: 628248.45 | N73: =E73-K73 -> -0.003 | O73: =F73-L73 -> 0 | P73: =H73-M73 -> 0.0020499999
C74: juin | D74: 2978155.3 | E74: 204066.69 | F74: 29152.384 | G74: 3211374.4 | H74: 610161.14 | I74: 3211374.4 | J74: =G74-I74 -> -0.0040000002 | K74: 207748.62 | L74: 29678.375 | M74: 610161.14 | N74: =E74-K74 -> -3681.931 | O74: =F74-L74 -> -525.991 | P74: =H74-M74 -> -0.00068000029
C75: juil | D75: 3818465 | E75: 271012.06 | F75: 38716.008 | G75: 4128193 | H75: 784356.68 | I75: 4128193 | J75: =G75-I75 -> -0.0019999994 | K75: 271208.44 | L75: 38744.063 | M75: 784356.68 | N75: =E75-K75 -> -196.383 | O75: =F75-L75 -> -28.055 | P75: =H75-M75 -> 0.00055000011
C76: août | D76: 3888351.2 | E76: 272075.93 | F76: 38867.989 | G76: 4199295.1 | H76: 797866.06 | I76: 4199295.1 | J76: =G76-I76 -> -0.0070000002 | K76: 272075.92 | L76: 38867.989 | M76: 797866.06 | N76: =E76-K76 -> 0.003 | O76: =F76-L76 -> 0 | P76: =H76-M76 -> -0.00036999979
C77: sept | D77: 4311658.6 | E77: 274037.06 | F77: 39148.151 | G77: 4624843.8 | H77: 878720.33 | I77: 4624843.8 | J77: =G77-I77 -> -0.0070000002 | K77: 274037.06 | L77: 39148.151 | M77: 878720.33 | N77: =E77-K77 -> 0.0040000001 | O77: =F77-L77 -> 0 | P77: =H77-M77 -> -0.0013
C78: oct | D78: 3420947.7 | E78: 239366.29 | F78: 34195.183 | G78: 3694509.2 | H78: 701956.74 | I78: 3694509.2 | J78: =G78-I78 -> -0.012 | K78: 239366.28 | L78: 34195.183 | M78: 701956.74 | N78: =E78-K78 -> 0.009 | O78: =F78-L78 -> 0 | P78: =H78-M78 -> -0.00222
C79: nov | D79: 3127818.6 | E79: 212818.75 | F79: 30402.678 | G79: 3371055.1 | H79: 640500.46 | I79: 3371055 | J79: =G79-I79 -> 0.012 | K79: 212818.75 | L79: 30402.678 | M79: 640500.46 | N79: =E79-K79 -> 0.002 | O79: =F79-L79 -> 0 | P79: =H79-M79 -> 0.00078
C80: déc | D80: 2509124.9 | E80: 173810.9 | F80: 24830.129 | G80: 2709611 | H80: 514826.08 | I80: 2709613 | J80: =G80-I80 -> -2.009 | K80: 173810.9 | L80: 24830.129 | M80: 514826.46 | N80: =E80-K80 -> -0.004 | O80: =F80-L80 -> 0 | P80: =H80-M80 -> -0.38079
C81: Total général | D81: 35514190 | E81: 2435968.5 | F81: 347995.5 | G81: 38300014 | H81: 7277002.7 | I81: =SUM(I69:I80) -> 38300016 | J81: =SUM(J69:J80) -> -2.021 | K81: =SUM(K69:K80) -> 2440959.8 | L81: =SUM(L69:L80) -> 348708.54 | M81: =SUM(M69:M80) -> 7277003.1 | N81: =SUM(N69:N80) -> -4991.334 | O81: =SUM(O69:O80) -> -713.046 | P81: =SUM(P69:P80) -> -0.37963
A95: Date | B95: N°Facture | C95: Montant TND HT | D95: Montant TPE | E95: Montant FODEC | F95: Montant Base TVA | G95: Montant TVA | H95: Montant TTC
A96: 45322 | B96: FN240020 | C96: 5299.995 | D96: 371 | E96: 53 | F96: =+C96+D96+E96 -> 5723.995 | G96: 0 | H96: =+C96+D96+E96+G96 -> 5723.995 | I96: PHOSPHATE GAFSA
A97: 45322 | B97: FN240021 | C97: 51986 | D97: 0 | E97: 0 | F97: =+C97+D97+E97 -> 51986 | G97: 0 | H97: =+C97+D97+E97+G97 -> 51986 | I97: ECOPLAST | J97: BC000791
A98: 45351 | B98: FN240035 | C98: 15125 | D98: 0 | E98: 0 | F98: =+C98+D98+E98 -> 15125 | G98: 0 | H98: =+C98+D98+E98+G98 -> 15125 | I98: ECOPLAST | J98: BC000791
A99: 45380 | B99: FN240057 | C99: 5299.995 | D99: 371 | E99: 53 | F99: =+C99+D99+E99 -> 5723.995 | G99: 0 | H99: =+C99+D99+E99+G99 -> 5723.995 | I99: PHOSPHATE GAFSA
A100: 45380 | B100: FN240059 | C100: 5299.995 | D100: 371 | E100: 53 | F100: =+C100+D100+E100 -> 5723.995 | G100: 0 | H100: =+C100+D100+E100+G100 -> 5723.995 | I100: PHOSPHATE GAFSA
A101: 45380 | B101: FN240061 | C101: 15939 | D101: 0 | E101: 0 | F101: =+C101+D101+E101 -> 15939 | G101: 0 | H101: =+C101+D101+E101+G101 -> 15939 | I101: ECOPLAST | J101: BC000791
A102: 45412 | B102: FN240068 | C102: 40689 | D102: 0 | E102: 0 | F102: =+C102+D102+E102 -> 40689 | G102: 0 | H102: =+C102+D102+E102+G102 -> 40689 | I102: ECOPLAST | J102: BC000831
A103: 45443 | B103: FN240091 | C103: 30822 | D103: 0 | E103: 0 | F103: =+C103+D103+E103 -> 30822 | G103: 0 | H103: =+C103+D103+E103+G103 -> 30822 | I103: ECOPLAST | J103: BC000831
A104: 45473 | B104: FN240130 | C104: 5299.995 | D104: 371 | E104: 53 | F104: =+C104+D104+E104 -> 5723.995 | G104: 0 | H104: =+C104+D104+E104+G104 -> 5723.995 | I104: PHOSPHATE GAFSA
A105: 45473 | B105: FN240132 | C105: 5299.995 | D105: 371 | E105: 53 | F105: =+C105+D105+E105 -> 5723.995 | G105: 0 | H105: =+C105+D105+E105+G105 -> 5723.995 | I105: PHOSPHATE GAFSA
A106: 45473 | B106: FN240134 | C106: 41999.11 | D106: 2939.938 | E106: 419.991 | F106: =+C106+D106+E106 -> 45359.039 | G106: 0 | H106: =+C106+D106+E106+G106 -> 45359.039 | I106: PHOSPHATE GAFSA
A107: 45473 | B107: FN240113 | C107: 20878 | D107: 0 | E107: 0 | F107: =+C107+D107+E107 -> 20878 | G107: 0 | H107: =+C107+D107+E107+G107 -> 20878 | I107: ECOPLAST | J107: BC000831
A108: 45504 | B108: AC240014 | C108: -41999.11 | D108: -2939.938 | E108: -419.991 | F108: =+C108+D108+E108 -> -45359.039 | G108: 0 | H108: =+C108+D108+E108+G108 -> -45359.039 | I108: PHOSPHATE GAFSA
A109: 45504 | B109: FN240147 | C109: 44804.59 | D109: 3136.321 | E109: 448.046 | F109: =+C109+D109+E109 -> 48388.957 | G109: 0 | H109: =+C109+D109+E109+G109 -> 48388.957 | I109: PHOSPHATE GAFSA
A110: 45504 | B110: FN240151 | C110: 12733 | D110: 0 | E110: 0 | F110: =+C110+D110+E110 -> 12733 | G110: 0 | H110: =+C110+D110+E110+G110 -> 12733 | I110: ECOPLAST | J110: ???
A111: 45535 | B111: FN240160 | C111: 3034 | D111: 0 | E111: 0 | F111: =+C111+D111+E111 -> 3034 | G111: 0 | H111: =+C111+D111+E111+G111 -> 3034 | I111: ECOPLAST | J111: ???
A112: 45566 | B112: FN240179 | C112: 25092 | D112: 0 | E112: 0 | F112: =+C112+D112+E112 -> 25092 | G112: 0 | H112: =+C112+D112+E112+G112 -> 25092 | I112: ECOPLAST | J112: ???
A113: 45535 | B113: AC240019 | C113: -924 | D113: 0 | E113: 0 | F113: =+C113+D113+E113 -> -924 | G113: 0 | H113: =+C113+D113+E113+G113 -> -924 | I113: ECOPLAST | J113: ???
C114: =SUM(C96:C113) -> 286678.56 | D114: =SUM(D96:D113) -> 4991.321 | E114: =SUM(E96:E113) -> 713.046 | F114: =SUM(F96:F113) -> 292382.93 | G114: =SUM(G96:G113) -> 0 | H114: =SUM(H96:H113) -> 292382.93
C117: Étiquettes de lignes | D117: Somme de Montant TND HT | E117: Somme de Montant TPE | F117: Somme de Montant FODEC | G117: Somme de Montant Base TVA | H117: Somme de Montant TVA | I117: Montant déclarations
C118: janv | D118: 57285.995 | E118: 371 | F118: 53 | G118: 57709.995 | H118: 0 | I118: 57709.995 | J118: =G118-I118 -> 0
C119: févr | D119: 15125 | E119: 0 | F119: 0 | G119: 15125 | H119: 0 | I119: 15125 | J119: =G119-I119 -> 0
C120: mars | D120: 26538.99 | E120: 742 | F120: 106 | G120: 27386.99 | H120: 0 | I120: 27386.99 | J120: =G120-I120 -> 0
C121: avr | D121: 40689 | E121: 0 | F121: 0 | G121: 40689 | H121: 0 | I121: 40689 | J121: =G121-I121 -> 0
C122: mai | D122: 30822 | E122: 0 | F122: 0 | G122: 30822 | H122: 0 | I122: 30822 | J122: =G122-I122 -> 0
C123: juin | D123: 73477.1 | E123: 3681.938 | F123: 525.991 | G123: 77685.029 | H123: 0 | I123: 77685.029 | J123: =G123-I123 -> 0
C124: juil | D124: 15538.48 | E124: 196.383 | F124: 28.055 | G124: 15762.918 | H124: 0 | I124: 15762.918 | J124: =G124-I124 -> 0
C125: août | D125: 2110 | E125: 0 | F125: 0 | G125: 2110 | H125: 0 | I125: 3034 | J125: =G125-I125 -> -924
C126: oct | D126: 25092 | E126: 0 | F126: 0 | G126: 25092 | H126: 0 | I126: 24168 | J126: =G126-I126 -> 924
C127: Total général | D127: 286678.57 | E127: 4991.321 | F127: 713.046 | G127: 292382.93 | H127: 0 | I127: =SUM(I118:I126) -> 292382.93 | J127: =SUM(J118:J126) -> 0

Sheet VENTE EXPORT 2024
A1: Date Facture | B1: N°Facture | C1: Montant Devises | D1: Taux change | E1: Montant TND | F1: N° Déclaration Douanes | G1: Date Déclaration Douanes | H1: Client
A2: 45293 | B2: FN240001 | C2: 54739.56 | D2: 3.38805 | E2: 185460.37 | F2: 485859 | G2: 45295 | H2: DT BATTERIE D'ARMOR | K2: Étiquettes de lignes | L2: Somme de Montant Devises | M2: Somme de Montant TND
A3: 45293 | B3: FN240002 | C3: 51814.35 | D3: 3.38805 | E3: 175549.61 | F3: 485860 | G3: 45295 | H3: PROXITEC | K3: ACM TECHNOLOGIES | L3: 106439.67 | M3: 357410.2
A4: 45299 | B4: FN240003 | C4: 53114.24 | D4: 3.38565 | E4: 179826.23 | F4: 485901 | G4: 45299 | H4: LITTORAL | K4: ALPHADEAL | L4: 806643.02 | M4: 2715933.5
A5: 45299 | B5: FN240004 | C5: 51382.46 | D5: 3.38565 | E5: 173963.03 | F5: 485902 | G5: 45299 | H5: LITTORAL | K5: DIRECT BATTERIES | L5: 160545.16 | M5: 538630.41
A6: 45299 | B6: FN240005 | C6: 53084.81 | D6: 3.38565 | E6: 179726.59 | F6: 485900 | G6: 45299 | H6: LITTORAL | K6: DT BATTERIE D'ARMOR | L6: 213234.57 | M6: 718409.23
A7: 45300 | B7: FN240009 | C7: 71400 | D7: 3.38695 | E7: 241828.23 | F7: 485922 | G7: 45301 | H7: MONBAT | K7: ENERGIES BATTERIES | L7: 105407.21 | M7: 350501.84
A8: 45300 | B8: FN240007 | C8: 52407.2 | D8: 3.38695 | E8: 177500.57 | F8: 485924 | G8: 45301 | H8: OUEST BATTERIES | K8: ERRAFIK ALDAYEM | L8: 95626.19 | M8: 323431.71
A9: 45300 | B9: FN240008 | C9: 55429.92 | D9: 3.38695 | E9: 187738.37 | F9: 485921 | G9: 45301 | H9: OUEST BATTERIES | K9: HEMPE | L9: 93310.79 | M9: 315353.9
A10: 45300 | B10: FN240010 | C10: 14944.36 | D10: 3.38695 | E10: 50619.323 | F10: 485923 | G10: 45301 | H10: HEMPE | K10: LITTORAL | L10: 982525.09 | M10: 3309669.4
A11: 45300 | B11: FN240011 | C11: 70839.6 | D11: 3.38695 | E11: 239930.18 | F11: 485926 | G11: 45301 | H11: MONBAT | K11: LUBATEX | L11: 141930.3 | M11: 478502.13
A12: 45300 | B12: FN240006 | C12: 55436.68 | D12: 3.38695 | E12: 187761.26 | F12: 485928 | G12: 45301 | H12: OUEST BATTERIES | K12: MATADOR | L12: 4764968.6 | M12: 16049789
A13: 45313 | B13: FN240012 | C13: 53529.09 | D13: 3.38635 | E13: 181268.23 | F13: 486036 | G13: 45314 | H13: ACM TECHNOLOGIES | K13: MONBAT | L13: 3710847.6 | M13: 12508287
A14: 45313 | B14: FN240013 | C14: 50663.31 | D14: 3.38635 | E14: 171563.7 | F14: 486037 | G14: 45314 | H14: PROXITEC | K14: OUEST BATTERIES | L14: 374192.16 | M14: 1261829.7
... A18: 45330 | B18: FN240022 | C18: 13154.97 | D18: 3.37355 | E18: 44378.949 | F18: 486288 | G18: 45331 | H18: STARS BATTERIES | K18: Total général | L18: 12718099 | M18: 42849812
A19: 45330 | B19: FN240023 | C19: 50313.29 | D19: 3.37355 | E19: 169734.4 | F19: 486289 | G19: 45331 | H19: LITTORAL
A20: 45330 | B20: FN240024 | C20: 89929.5 | D20: 3.37355 | E20: 303381.66 | F20: 486291 | G20: 45331 | H20: MATADOR
A21: 45334 | B21: FN240025 | C21: 14441.32 | D21: 3.37295 | E21: 48715.276 | F21: 486357 | G21: 45336 | H21: HEMPE
A22: 45335 | B22: FN240026 | C22: 89929.5 | D22: 3.37295 | E22: 303327.71 | F22: 486365 | G22: 45336 | H22: MATADOR
A23: 45335 | B23: FN240027 | C23: 89929.5 | D23: 3.37295 | E23: 303327.71 | F23: 486363 | G23: 45336 | H23: MATADOR
A24: 45335 | B24: FN240029 | C24: 73062.6 | D24: 3.37295 | E24: 246436.5 | F24: 486366 | G24: 45336 | H24: MONBAT
A25: 45335 | B25: FN240030 | C25: 70856.1 | D25: 3.37295 | E25: 238994.08 | F25: 486367 | G25: 45336 | H25: MONBAT
A26: 45344 | B26: FN240033 | C26: 50760.74 | D26: 3.37575 | E26: 171355.57 | F26: 486412 | G26: 45342 | H26: LITTORAL
A27: 45351 | B27: FN240031 | C27: 51201.27 | D27: 3.37575 | E27: 172842.69 | F27: 486410 | G27: 45342 | H27: PROXITEC
A28: 45351 | B28: FN240032 | C28: 50457.21 | D28: 3.37575 | E28: 170330.93 | F28: 486411 | G28: 45342 | H28: PROXITEC
A29: 45351 | B29: FN240034 | C29: 51848.75 | D29: 3.38015 | E29: 175256.55 | F29: 486493 | G29: 45348 | H29: LITTORAL
A30: 45352 | B30: FN240038 | C30: 89211.5 | D30: 3.37295 | E30: 300905.93 | F30: 486364 | G30: 45336 | H30: MATADOR
... A51: 45414 | B51: FN240079 | C51: 54072.96 | D51: 3.37055 | E51: 182255.61 | F51: 407532 | G51: 45412 | H51: DT BATTERIE D'ARMOR
A52: 45415 | B52: FN240073 | C52: 84694.05 | D52: 3.3847 | E52: 286663.95 | H52: MATADOR
A53: 45415 | B53: FN240074 | C53: 84017.85 | D53: 3.3847 | E53: 284375.22 | F53: 486767 | G53: 45365 | H53: MATADOR
A54: 45418 | B54: FN240081 | C54: 71339.9 | D54: 3.36905 | E54: 240341.63 | F54: 487254 | G54: 45414 | H54: MONBAT
A55: 45418 | B55: FN240083 | C55: 70245 | D55: 3.36905 | E55: 236658.92 | F55: 487253 | G55: 45414 | H55: MONBAT
A56: 45419 | B56: FN240080 | C56: 52704.48 | D56: 3.37055 | E56: 177643.09 | F56: 487238 | G56: 45412 | H56: PROXITEC
A57: 45419 | B57: FN240082 | C57: 70245 | D57: 3.3681 | E57: 236592.18 | F57: 487269 | G57: 45415 | H57: MONBAT
A58: 45423 | B58: FN240075 | C58: 83717.1 | D58: 3.373 | E58: 282377.78 | F58: 487001 | G58: 45386 | H58: MATADOR
A59: 45423 | B59: FN240076 | C59: 83717.1 | D59: 3.373 | E59: 282377.78 | F59: 487003 | G59: 45386 | H59: MATADOR
A60: 45430 | B60: FN240087 | C60: 15115.35 | D60: 3.37695 | E60: 51045.47 | F60: 487434 | G60: 45427 | H60: HEMPE
A61: 45434 | B61: FN240084 | C61: 70380.45 | D61: 3.377 | E61: 237674.78 | F61: 487399 | G61: 45425 | H61: MONBAT
A62: 45434 | B62: FN240085 | C62: 69473.52 | D62: 3.377 | E62: 234612.08 | F62: 487400 | G62: 45425 | H62: MONBAT
A63: 45434 | B63: FN240086 | C63: 68762.88 | D63: 3.377 | E63: 232212.25 | F63: 487401 | G63: 45425 | H63: MONBAT
A64: 45437 | B64: FN240077 | C64: 83717.1 | D64: 3.373 | E64: 282377.78 | F64: 487002 | G64: 45386 | H64: MATADOR
... A185: 45657 | B185: FN240246 | C185: 69981.53 | D185: 3.3247 | E185: 232667.59 | F185: 409990 | G185: 45650 | H185: MONBAT
C188: Valeurs
B189: Étiquettes de lignes | C189: Somme de Montant Devises | D189: Somme de Montant TND | E189: Montant déclarations
B190: janv | C190: 885086.53 | D190: 2996293.4 | E190: 3000446.9 | F190: =D190-E190 -> -4153.458
B191: févr | C191: 695884.75 | D191: 2348082 | E191: 2359046 | F191: =D191-E191 -> -10964.032
B192: mars | C192: 1099925 | D192: 3718894.5 | E192: 3746821.5 | F192: =D192-E192 -> -27926.938
B193: avr | C193: 314849.76 | D193: 1063396.7 | E193: 1063396.7 | F193: =D193-E193 -> 0
B194: mai | C194: 1245086.8 | D194: 4203705.1 | E194: 4160661.7 | F194: =D194-E194 -> 43043.355
B195: juin | C195: 2202794.7 | D195: 7443356.6 | E195: 7443356.6 | F195: =D195-E195 -> 0
B196: juil | C196: 478024.73 | D196: 1614724.7 | E196: 1614724.7 | F196: =D196-E196 -> 0
B197: août | C197: 473088.91 | D197: 1596701.7 | E197: 1596701.7 | F197: =D197-E197 -> 0
B198: sept | C198: 1220754.6 | D198: 4134218.8 | E198: 4134218.8 | F198: =D198-E198 -> 0
B199: oct | C199: 1079633.1 | D199: 3641569.1 | E199: 3641569.1 | F199: =D199-E199 -> 0
B200: nov | C200: 1533917.6 | D200: 5137562.1 | E200: 5137562.1 | F200: =D200-E200 -> 0
B201: déc | C201: 1489052.9 | D201: 4951307.2 | E201: 4951307.2 | F201: =D201-E201 -> 0
B202: Total général | C202: 12718099 | D202: 42849812 | E202: =SUM(E190:E201) -> 42849813 | F202: =SUM(F190:F201) -> -1.073

Sheet bal f 2022
A1: Compte | B1: Debit
A2: L80081 | B2: -88861.492
A3: L50284 | B3: -75000 | E3: Étiquettes de lignes | F3: Somme de solde
A4: L50522 | B4: -57941.721 | E4: E10001 | F4: -1257000.3
A5: L50280 | B5: -57538.794 | E5: E10003 | F5: 0
A6: E80018 | B6: -45572.9 | E6: E10005 | F6: 0
A7: L50889 | B7: -38154.135 | E7: E10007 | F7: 0
A8: L60579 | B8: -34771.907 | E8: E10008 | F8: 0
A9: L04375 | B9: -27379.321 | E9: E10014 | F9: 0.0010000002
A10: E80039 | B10: -20920.124 | E10: E10017 | F10: 0
A11: L50612 | B11: -20063.982 | E11: E10021 | F11: 0
A12: L50759 | B12: -19932.075 | E12: E10023 | F12: 0
A13: L30486 | B13: -15029 | E13: E10026 | F13: -0.001
A14: L60581 | B14: -12890.978 | E14: E10029 | F14: 0
A15: E80040 | B15: -11759.531 | E15: E10031 | F15: 0
... A233: Tot Gen | B233: 5286100.4 | E233: L30181 | F233: 0
A234: E10001 | E234: L30183 | F234: 0
A235: E10003 | E235: L30188 | F235: 0
A236: BIASIN | E236: L30189 | F236: 0
A237: E10005 | E237: L30192 | F237: 0
A238: DARAMIC | E238: L30195 | F238: 0
A239: E10007 | E239: L30199 | F239: 0
A240: ENTEK | E240: L30202 | F240: 0
A241: E10008 | E241: L30203 | F241: 0
A242: ICS | E242: L30204 | F242: 0
A243: STE DE FONDERI | E243: L30211 | F243: 0
A244: E10017 | E244: L30212 | F244: 0
A245: SORFIN LTD | E245: L30213 | F245: 0
... A1159: CMS | E1159: Total général | F1159: -5246514.7
A1160: L50498
A1161: SOFIENE GUERMA
A1162: L50499
A1163: L50502
A1164: COMMISSION D'E
A1165: L50503
A1166: VEGA
A1167: L50504
A1168: GMG
A1169: L50511
A1170: SC SUPERVISE
A1171: L50512
... A2312: ELECTRO NABLI

Sheet bal f 2023
A1: Compte | B1: credit
A2: E10014 | B2: -0.001 | E2: Étiquettes de lignes | F2: Somme de solde
A3: L30472 | B3: -0.001 | E3: E10001 | F3: -1410064.1
A4: L50876 | B4: -0.001 | E4: E10003 | F4: 0
A5: L50965 | B5: -0.001 | E5: E10005 | F5: 0
A6: L60136 | B6: -0.001 | E6: E10007 | F6: 0
A7: L60512 | B7: -0.001 | E7: E10008 | F7: 0
A8: E10046 | B8: -0.002 | E8: E10014 | F8: 0.0010000002
A9: E80016 | B9: -0.002 | E9: E10017 | F9: 0
A10: L60578 | B10: -0.002 | E10: E10021 | F10: 0
A11: L50766 | B11: -0.013 | E11: E10023 | F11: 0
A12: L50961 | B12: -0.019 | E12: E10026 | F12: -0.001
A13: L50751 | B13: -0.02 | E13: E10029 | F13: 0
A14: L60258 | B14: -0.022 | E14: E10031 | F14: 0
... A76: L50280 | B76: -109384.47 | E76: E80034 | F76: 20718.201
A77: E10001 | E77: E80035 | F77: 0
A78: A C C U M A | B78: 1410064.1 | E78: E80036 | F78: 1.222
A79: E10003 | E79: E80038 | F79: 0
A80: BIASIN | E80: E80039 | F80: 1198.349
A81: E10005 | E81: E80040 | F81: -242.728
A82: DARAMIC | E82: E80041 | F82: 0
A83: E10007 | E83: E80042 | F83: -41068.5
A84: ENTEK | E84: E80043 | F84: 0
A85: E10008 | E85: E80044 | F85: -18.454
A86: ICS | E86: E80045 | F86: -23.1
A87: STE DE FONDERI | E87: E80046 | F87: -24.39
A88: E10017 | E88: E80047 | F88: 0
A89: SORFIN LTD | E89: E80048 | F89: 0
A90: E10021 | E90: E80049 | F90: -19818.45
... A94: E10026 | E94: L00635 | F94: 0
A95: WIRTZ | B95: 0.001 | E95: L04375 | F95: 54612.793
A96: E10029 | E96: L10003 | F96: -72024.799
A97: SOCIETE EL ARA | E97: L10009 | F97: -64261
A98: E10031 | E98: L10011 | F98: 0
A99: Goonvean Fibre | E99: L10012 | F99: -1789.785
A100: E10032 | E100: L10015 | F100: -563.292
A101: AKÜMSAN | B101: 136802.98 | E101: L10017 | F101: 0
A102: E10036 | E102: L10018 | F102: 0
A103: ACCUMALUX | B103: 115686.32 | E103: L10022 | F103: 0
A104: E10042 | E104: L10041 | F104: 0
A105: METALZAR | E105: L10044 | F105: 0
A106: E10043 | E106: L10051 | F106: 0
A107: AGIC Industrie | B107: 0.001 | E107: L10053 | F107: 0
A108: E10044 | E108: L10055 | F108: 0
A109: MB Papeoles Es | E109: L10074 | F109: 0
A110: E10045 | E110: L10083 | F110: 0
A111: GLATFELTER | B111: 0.001 | E111: L10091 | F111: 0
A112: METALLIANCE LL | E112: L10093 | F112: 0
A113: E10047 | E113: L10106 | F113: 0
A114: ORION | E114: L10124 | F114: 0
A115: E10048 | E115: L10125 | F115: 0
A116: HEPER | E116: L10126 | F116: 0
A117: E10052 | E117: l10128 | F117: 0
A118: METACONCEPT | E118: L10129 | F118: 0
A119: E10053 | E119: L10138 | F119: 25252.525
A120: SAMAUTO SpA | E120: L10140 | F120: 0
A121: E10057 | E121: L10141 | F121: 36517.297
A122: JAYACHANDRAN A | E122: L10143 | F122: 0
A123: E10059 | E123: L10147 | F123: 0
... A145: E10077 | E145: L10190 | F145: 0
A146: HEMPE | B146: 2290.054 | E146: L10191 | F146: -3941.08
A147: E10078 | E147: L10192 | F147: 0
A148: MICROPOROUS Gm | B148: 139674.47 | E148: L10193 | F148: 0
A149: E10079 | E149: L10194 | F149: -18908.434
A150: SORFIN YOSHIMU | E150: L10195 | F150: 0
A151: E10080 | E151: L10196 | F151: 0
A152: PELIPAPER | E152: L10197 | F152: 0
A153: E10081 | E153: L10198 | F153: 8231.768
A154: QUANZHOU YUCRY | B154: 36427.95 | E154: L10199 | F154: -9882.76
A155: E10082 | E155: L10200 | F155: 0
A156: ATHENA S.P.A | E156: L10201 | F156: -60693
A157: E10083 | E157: L10202 | F157: 0
A158: S.I.A INDUSTRI | B158: 259568.15 | E158: L10204 | F158: 0
A159: E10084 | E159: L10205 | F159: 871.974
A160: MONBAT BATTERI | B160: 656003.31 | E160: L10206 | F160: 0
A161: E10085 | E161: L10207 | F161: 0
A162: SARL GNR INDUS | B162: 1818.488 | E162: L10208 | F162: -26.418
A163: E10086 | E163: L10209 | F163: 0
A164: METALSA STANGO | B164: 10322.575 | E164: L10210 | F164: 0
A165: E10087 | E165: L10211 | F165: -0.599
A166: DIXON PREMIUM | E166: L10212 | F166: 0
A167: E20005 | E167: L10213 | F167: 0
A168: PD-TECHNIK | E168: L10214 | F168: 0
A169: E20009 | E169: L10215 | F169: -15452.893
A170: POWERCONN SAS | E170: L10216 | F170: -3201.941
A171: E20011 | E171: L10217 | F171: -17189.122
A172: TPI OTOMOTIV S | E172: L10218 | F172: -58.055
A173: E20012 | E173: L10219 | F173: 0
A174: DEMETAL | E174: L10220 | F174: 0
A175: E20013 | E175: L10221 | F175: 0
A176: ELINOIL HELLEN | B176: 13360.586 | E176: L10222 | F176: 0
A177: E20015 | E177: L10223 | F177: -90606.744
A178: PROMO SALON | E178: L10224 | F178: -57692.2
A179: E30001 | E179: L10225 | F179: 0
A180: KFM TRADING | E180: L10226 | F180: -0.003
A181: E30002 | E181: L10227 | F181: -126991.18
A182: MED ENERGY BAT | B182: 17745.075 | E182: L10228 | F182: -6357.933
A183: E50001 | E183: L10229 | F183: 0
A184: WIZWAY SHIPPIN | E184: L20001 | F184: 0
A185: E60023 | E185: L20004 | F185: 0
...

Sheet VENTE TTC 2022
A1: Date Facture | B1: Numéro Facture | C1: Code Client | D1: Nom Client | E1: Montant Net HT | F1: Tot, Taxes | G1: Timbre | H1: Montant TTC
A2: 44592 | B2: FN220007 | C2: 00010001 | D2: STE TNNE DES ACCUMULATEURS | E2: 20284 | F2: 3853.96 | G2: 0.6 | H2: 24138.56 | J2: Étiquettes de lignes | K2: Somme de Montant Net HT | L2: Somme de Tot, Taxes | M2: Somme de Montant TTC
A3: 44609 | B3: FN220009 | C3: 00010001 | D3: STE TNNE DES ACCUMULATEURS | E3: 23012 | F3: 4372.28 | G3: 0.6 | H3: 27384.88 | J3: 00010001 | K3: 138217.2 | L3: 26261.268 | M3: 164482.67
A4: 44631 | B4: FN220015 | C4: 00010001 | D4: STE TNNE DES ACCUMULATEURS | E4: 16832.2 | F4: 3198.118 | G4: 0.6 | H4: 20030.918 | J4: 00010003 | K4: 31391407 | L4: 8946667.9 | M4: 40338082
A5: 44651 | B5: FN220021 | C5: 00010001 | D5: STE TNNE DES ACCUMULATEURS | E5: 24684 | F5: 4689.96 | G5: 0.6 | H5: 29374.56 | J5: 00010005 | K5: 0 | L5: 0 | M5: 0
A6: 44666 | B6: FN220023 | C6: 00010001 | D6: STE TNNE DES ACCUMULATEURS | E6: 16566 | F6: 3147.54 | G6: 0.6 | H6: 19714.14 | J6: 00010006 | K6: 5556.6 | L6: 1055.755 | M6: 6614.155
A7: 44692 | B7: FN220027 | C7: 00010001 | D7: STE TNNE DES ACCUMULATEURS | E7: 23496 | F7: 4464.24 | G7: 0.6 | H7: 27960.84 | J7: 00010007 | K7: 33075 | L7: 6284.251 | M7: 39361.051
A8: 44720 | B8: FN220036 | C8: 00010001 | D8: STE TNNE DES ACCUMULATEURS | E8: 13343 | F8: 2535.17 | G8: 0.6 | H8: 15878.77 | J8: 00010009 | K8: 818.308 | L8: 155.478 | M8: 974.986
A9: 44592 | B9: AC220001 | C9: 00010003 | D9: STE NOUR DISTRIBUTION | E9: -5463.055 | F9: -1558.064 | G9: 0 | H9: -7021.119 | J9: 00010010 | K9: 367949.6 | L9: 0 | M9: 367955
A10: 44592 | B10: FN220006 | C10: 00010003 | D10: STE NOUR DISTRIBUTION | E10: 2032483.4 | F10: 579092.98 | G10: 0.6 | H10: 2611576.9 | J10: 00019999 | K10: 0 | L10: 0 | M10: 1.2
A11: 44620 | B11: AC220005 | C11: 00010003 | D11: STE NOUR DISTRIBUTION | E11: -6760.494 | F11: -1928.094 | G11: 0 | H11: -8688.588 | J11: X039003 | K11: 271422.11 | L11: 0 | M11: 271422.11
A12: 44620 | B12: FN220012 | C12: 00010003 | D12: STE NOUR DISTRIBUTION | E12: 1792585.9 | F12: 511235.95 | G12: 0.6 | H12: 2303822.5 | J12: X044001 | K12: 0 | L12: 0 | M12: 0
A13: 44651 | B13: AC220006 | C13: 00010003 | D13: STE NOUR DISTRIBUTION | E13: -7997.103 | F13: -2280.774 | G13: 0 | H13: -10277.877 | J13: X048001 | K13: 1067809.8 | L13: 0 | M13: 1067809.8
A14: 44651 | B14: FN220020 | C14: 00010003 | D14: STE NOUR DISTRIBUTION | E14: 1973777.8 | F14: 562463.36 | G14: 0.6 | H14: 2536241.8 | J14: X049002 | K14: 459897.25 | L14: 0 | M14: 459897.25
... A21: 44771 | B21: FN220057 | C21: 00010003 | D21: STE NOUR DISTRIBUTION | E21: 3460859.1 | F21: 986602.32 | G21: 0.6 | H21: 4447462 | J21: Total général | K21: 39312793 | L21: 8980424.6 | M21: 48293241
A22: 44804 | B22: AC220010 | C22: 00010003 | D22: STE NOUR DISTRIBUTION | E22: -55866.644 | F22: -15933.167 | G22: 0 | H22: -71799.811
A23: 44804 | B23: FN220062 | C23: 00010003 | D23: STE NOUR DISTRIBUTION | E23: 4119216.6 | F23: 1174005.1 | G23: 0.6 | H23: 5293222.3
A24: 44834 | B24: AC220011 | C24: 00010003 | D24: STE NOUR DISTRIBUTION | E24: -54203.945 | F24: -15391.591 | G24: 0 | H24: -69595.536
A25: 44834 | B25: FN220072 | C25: 00010003 | D25: STE NOUR DISTRIBUTION | E25: 3639140.2 | F25: 1037195 | G25: 0.6 | H25: 4676335.8 | K25: =+GETPIVOTDATA("Somme de Montant Net HT",$J$2)*30% -> 11793838
A26: 44865 | B26: AC220012 | C26: 00010003 | D26: STE NOUR DISTRIBUTION | E26: -100705.71 | F26: -28721.271 | G26: 0 | H26: -129426.99
A27: 44865 | B27: FN220085 | C27: 00010003 | D27: STE NOUR DISTRIBUTION | E27: 3145759.1 | F27: 896474.11 | G27: 0.6 | H27: 4042233.8
A28: 44895 | B28: AC220013 | C28: 00010003 | D28: STE NOUR DISTRIBUTION | E28: -48014.824 | F28: -13693.828 | G28: 0 | H28: -61708.652
A29: 44895 | B29: FN220097 | C29: 00010003 | D29: STE NOUR DISTRIBUTION | E29: 2814575.8 | F29: 802692.77 | G29: 0.6 | H29: 3617269.2
A30: 44911 | B30: AC220014 | C30: 00010003 | D30: STE NOUR DISTRIBUTION | E30: -35438.636 | F30: -10107.099 | G30: 0 | H30: -45545.735
A31: 44911 | B31: FN220101 | C31: 00010003 | D31: STE NOUR DISTRIBUTION | E31: 1685 | F31: 320.15 | G31: 0.6 | H31: 2005.75
A32: 44922 | B32: AC220015 | C32: 00010003 | D32: STE NOUR DISTRIBUTION | E32: -68314.447 | F32: -19483.279 | G32: 0 | H32: -87797.726
A33: 44926 | B33: AC220016 | C33: 00010003 | D33: STE NOUR DISTRIBUTION | E33: -20947.515 | F33: -5974.232 | G33: 0 | H33: -26921.747
A34: 44926 | B34: FN220107 | C34: 00010003 | D34: STE NOUR DISTRIBUTION | E34: 2784859.2 | F34: 792955.08 | G34: 0.6 | H34: 3577814.9
A35: 44845 | B35: DS220012 | C35: 00010005 | D35: STE NLLE DES ACCUMULATEURS | E35: 0 | F35: 0 | G35: 0 | H35: 0
A36: 44742 | B36: FN220042 | C36: 00010006 | D36: STE TIP | E36: 2520 | F36: 478.8 | G36: 0.6 | H36: 2999.4
A37: 44753 | B37: FN220045 | C37: 00010006 | D37: STE TIP | E37: 1389.15 | F37: 263.939 | G37: 0.6 | H37: 1653.689
... A41: 44839 | B41: FN220075 | C41: 00010007 | D41: NOUR BATTERIES INDUSTRIELLES | E41: 8268.75 | F41: 1571.063 | G41: 0.6 | H41: 9840.413
A42: 44636 | B42: FN220017 | C42: 00010009 | D42: SOCIETE ACHREF SERVICES | E42: 526.848 | F42: 100.101 | G42: 0.6 | H42: 627.549 | J42: TYPE | K42: CA 2022
A43: 44711 | B43: FN220030 | C43: 00010009 | D43: SOCIETE ACHREF SERVICES | E43: 291.46 | F43: 55.377 | G43: 0.6 | H43: 347.437 | K43: QTE | L43: PHT
A44: 44819 | B44: FN220066 | C44: 00010010 | D44: ECOPLAST | E44: 136000 | F44: 0 | G44: 0.6 | H44: 136000.6 | J44: BATTERIES | K44: 285359 | L44: 37423351
A45: 44819 | B45: FN220067 | C45: 00010010 | D45: ECOPLAST | E45: 30448 | F45: 0 | G45: 0.6 | H45: 30448.6 | J45: PLAQUE IND | K45: 95,578T | L45: 861103.96
A46: 44839 | B46: FN220077 | C46: 00010010 | D46: ECOPLAST | E46: 6556 | F46: 0 | G46: 0.6 | H46: 6556.6 | J46: PLAQUE | K46: 48,078T | L46: 429552.5
A47: 44839 | B47: FN220078 | C47: 00010010 | D47: ECOPLAST | E47: 47520 | F47: 0 | G47: 0.6 | H47: 47520.6 | J47: BANDE PUNCHING | K47: 1,52T | L47: 12673.833
A48: 44872 | B48: FN220088 | C48: 00010010 | D48: ECOPLAST | E48: 2904 | F48: 0 | G48: 0.6 | H48: 2904.6 | J48: PLOMB | K48: 2,4T | L48: 18718.872
A49: 44872 | B49: FN220089 | C49: 00010010 | D49: ECOPLAST | E49: 39996 | F49: 0 | G49: 0.6 | H49: 39996.6 | J49: EAU DEMINERALISES | K49: 3000 L | L49: 1332.8
A50: 44895 | B50: FN220098 | C50: 00010010 | D50: ECOPLAST | E50: 176 | F50: 0 | G50: 0.6 | H50: 176.6 | J50: LOYER | L50: 38631.6
A51: 44895 | B51: FN220099 | C51: 00010010 | D51: ECOPLAST | E51: 51048 | F51: 0 | G51: 0.6 | H51: 51048.6 | J51: DECHET PLASTIQUE | K51: 329,364T | L51: 506985.11
A52: 44925 | B52: FN220106 | C52: 00010010 | D52: ECOPLAST | E52: 53301.6 | F52: 0 | G52: 0.6 | H52: 53302.2 | J52: SOUS-TRAITANCE CHARGE & FINITION | L52: 6660
A53: 44606 | B53: DS220001 | C53: 00019999 | D53: PESONNEL SNA | E53: 0 | F53: 0 | G53: 0 | H53: 0 | J53: FRAIS DE TRANSPORT EXPORT | L53: 94613.753
A54: 44615 | B54: DS220002 | C54: 00019999 | D54: PESONNEL SNA | E54: 0 | F54: 0 | G54: 0 | H54: 0 | J54: TOTAL | L54: =SUM(L44:L53) -> 39393624
A55: 44616 | B55: DS220003 | C55: 00019999 | D55: PESONNEL SNA | E55: 0 | F55: 0 | G55: 0 | H55: 0
A56: 44713 | B56: DS220004 | C56: 00019999 | D56: PESONNEL SNA | E56: 0 | F56: 0 | G56: 0 | H56: 0
A57: 44720 | B57: DS220005 | C57: 00019999 | D57: PESONNEL SNA | E57: 0 | F57: 0 | G57: 0 | H57: 0
A58: 44740 | B58: DS220006 | C58: 00019999 | D58: PESONNEL SNA | E58: 0 | F58: 0 | G58: 0 | H58: 0
A59: 44764 | B59: DS220007 | C59: 00019999 | D59: PESONNEL SNA | E59: 0 | F59: 0 | G59: 0 | H59: 0
A60: 44814 | B60: DS220008 | C60: 00019999 | D60: PESONNEL SNA | E60: 0 | F60: 0 | G60: 0 | H60: 0
A61: 44827 | B61: DS220009 | C61: 00019999 | D61: PESONNEL SNA | E61: 0 | F61: 0 | G61: 0.6 | H61: 0.6
A62: 44827 | B62: DS220010 | C62: 00019999 | D62: PESONNEL SNA | E62: 0 | F62: 0 | G62: 0.6 | H62: 0.6
A63: 44831 | B63: DS220011 | C63: 00019999 | D63: PESONNEL SNA | E63: 0 | F63: 0 | G63: 0 | H63: 0
A64: 44883 | B64: DS220013 | C64: 00019999 | D64: PESONNEL SNA | E64: 0 | F64: 0 | G64: 0 | H64: 0
A65: 44903 | B65: DS220014 | C65: 00019999 | D65: PESONNEL SNA | E65: 0 | F65: 0 | G65: 0 | H65: 0
A66: 44925 | B66: DS220015 | C66: 00019999 | D66: PESONNEL SNA | E66: 0 | F66: 0 | G66: 0 | H66: 0
... A120: 44921 | B120: FN220102 | C120: X973001 | D120: NADHEERA TRADING EST | E120: 190530.54 | F120: 0 | G120: 0 | H120: 190530.54
E122: =SUM(E2:E121) -> 39312793 | F122: =SUM(F2:F121) -> 8980424.6 | G122: =SUM(G2:G121) -> 23.4 | H122: =SUM(H2:H121) -> 48293241

Sheet xxx,

Sheet Achat Etrangers 2025
B1: année | C1: 2025 | F1: année | G1: 2024
B3: Somme de Valeur total en DT | C3: Société | F3: Somme de Valeur total en DT | G3: Société
B4: Fournisseur | C4: Montant | D4: Mode de Paiement | F4: Nature | G4: SNA
B5: DIXON | C5: 15950448 | D5: Virement à 60 Jrs | F5: MP | G5: 33575988
B6: MONBAT | C6: 9676477 | D6: Virement à 60 Jrs | F6: MPA | G6: 3138853.9
B7: ACCUMA | C7: 1951941 | D7: Virement à 60 Jrs | F7: Capex | G7: 957090.39
B8: accumalux | C8: 1605279.4 | D8: Virement à 90 Jrs | F8: PDR | G8: 113793.76
B9: RASASS | C9: 1518359.5 | D9: LC A 30 Jrs DATE BL | F9: Total général | G9: =+C27 -> 38135117
B10: MICROPOROUS | C10: 1283484.2 | D10: Virement à 90 Jrs
B11: metaconcept | C11: 1223803.7 | D11: CAD
B12: Meta entreprice | C12: 813817.69 | D12: Virement à 45 Jrs
B13: AKUMSAN | C13: 387747.84 | D13: Virement à 45 Jrs
B14: GLATFELTER | C14: 362918.03 | D14: Virement à 60 Jrs
B15: AKUMPLAST | C15: 347463.44 | D15: Virement à 60 Jrs
B16: ELINOIL | C16: 337528.66 | D16: Virement à 30 Jrs
B17: SOVEMA | C17: 328644.92 | D17: LC AT SIGHT
B18: SORFIN | C18: 294601.72 | D18: Virement à 60 Jrs
B19: WUXI HUANFA ET TECHNOLOGY | C19: 275455.92 | D19: Virement à 60 Jrs
B20: CHANGXING JIGUANG NEW ENERGY TECHNOLOGY | C20: 264534.69 | D20: Virement à 60 Jrs
B21: EFFICHARGE | C21: 264531.63 | D21: Virement à 60 Jrs
... B26: Autres | C26: 634608.66 | D26: Virement à 60 Jrs
B27: Total général | C27: =SUM(C5:C26) -> 38135117

Sheet VENTE 2025
A2: Budget 2025
F3: LOCAL
C5: JANVIER | D5: FEVRIER | E5: MARS | F5: AVRIL | G5: MAI | H5: JUIN | I5: JUILLET | J5: AOUT | K5: SEPTEMBRE | L5: OCTOBRE | M5: NOVEMBRE | N5: DECEMBRE | O5: TOTAL
A6: SND | B6: QTS VENDU | C6: 13854 | D6: 12942 | E6: 13505 | F6: 13067 | G6: 18231 | H6: 20105 | I6: 21789 | J6: 26669 | K6: 24211 | L6: 21896 | M6: 21071 | N6: 18800 | O6: =+SUM(C6:N6) -> 226140
B7: CA | C7: 2810024 | D7: 2629344 | E7: 2705305 | F7: 2552482 | G7: 3663131 | H7: 3952919 | I7: 4258784 | J7: 5238466 | K7: 5096454 | L7: 4647613 | M7: 4490771 | N7: 3983021 | O7: =+SUM(C7:N7) -> 46028314
A10: Budget 2025 | E10: Vente Plaque
C13: JANVIER | D13: FEVRIER | E13: MARS | F13: AVRIL | G13: MAI | H13: JUIN | I13: JUILLET | J13: AOUT | K13: SEPTEMBRE | L13: OCTOBRE | M13: NOVEMBRE | N13: DECEMBRE | O13: TOTAL
A14: MATADOR | B14: QTS VENDU | C14: 191668 | D14: 191668 | E14: 191668 | F14: 191668 | G14: 191668 | H14: 191668 | I14: 191668 | J14: 191668 | K14: 191668 | L14: 191668 | M14: 191668 | N14: 191668 | O14: =+SUM(C14:N14) -> 2300016
B15: CA | C15: 2034652 | D15: 2034652 | E15: 2034652 | F15: 2034652 | G15: 2034652 | H15: 2034652 | I15: 2034652 | J15: 2034652 | K15: 2034652 | L15: 2034652 | M15: 2034652 | N15: 2034652 | O15: =+SUM(C15:N15) -> 24415824
F19: EXPORT
C22: JANVIER | D22: FEVRIER | E22: MARS | F22: AVRIL | G22: MAI | H22: JUIN | I22: JUILLET | J22: AOUT | K22: SEPTEMBRE | L22: OCTOBRE | M22: NOVEMBRE | N22: DECEMBRE | O22: TOTAL
A23: TOTAL | B23: QTS VENDU | C23: 191668 | D23: 191668 | E23: 191668 | F23: 191668 | G23: 191668 | H23: 191668 | I23: 191668 | J23: 191668 | K23: 191668 | L23: 191668 | M23: 191668 | N23: 191668 | O23: =+SUM(C23:N23) -> 2300016
B24: CA | C24: =+C31+C35+C39+C43+C47+C51+C55+C59+C63+C67+C71+C75+C80 -> 3481608 | D24: =+D31+D35+D39+D43+D47+D51+D55+D59+D63+D67+D71+D75+D80 -> 2496539 | E24: =+E31+E35+E39+E43+E47+E51+E55+E59+E63+E67+E71+E75+E80 -> 2720494 | F24: =+F31+F35+F39+F43+F47+F51+F55+F59+F63+F67+F71+F75+F80 -> 3814636 | G24: =+G31+G35+G39+G43+G47+G51+G55+G59+G63+G67+G71+G75+G80 -> 2509681 | H24: =+H31+H35+H39+H43+H47+H51+H55+H59+H63+H67+H71+H75+H80 -> 2831529 | I24: =+I31+I35+I39+I43+I47+I51+I55+I59+I63+I67+I71+I75+I80 -> 3647124 | J24: =+J31+J35+J39+J43+J47+J51+J55+J59+J63+J67+J71+J75+J80 -> 2862312 | ... N24: =+N31+N35+N39+N43+N47+N51+N55+N59+N63+N67+N71+N75+N80 -> 3459137 | O24: =+SUM(C24:N24) -> 39359756
C29: JANVIER | D29: FEVRIER | E29: MARS | F29: AVRIL | G29: MAI | H29: JUIN | I29: JUILLET | J29: AOUT | K29: SEPTEMBRE | L29: OCTOBRE | M29: NOVEMBRE | N29: DECEMBRE | O29: TOTAL
A30: PROXITECH | B30: QTS VENDU | C30: 3710 | D30: 3710 | E30: 1855 | F30: 1855 | H30: 1855 | I30: 1855 | J30: 3710 | K30: 3710 | L30: 3710 | M30: 3710 | N30: 3710 | O30: =+SUM(C30:N30) -> 33390
B31: CA | C31: 385831 | D31: 385831 | E31: 192915 | F31: 192915 | H31: 192915 | I31: 192915 | J31: 385831 | K31: 385831 | L31: 385831 | M31: 385831 | N31: 385833 | O31: =+SUM(C31:N31) -> 3472479
C33: JANVIER | D33: FEVRIER | E33: MARS | F33: AVRIL | G33: MAI | H33: JUIN | I33: JUILLET | J33: AOUT | K33: SEPTEMBRE | L33: OCTOBRE | M33: NOVEMBRE | N33: DECEMBRE | O33: TOTAL
A34: LITTORAL BATT | B34: QTS VENDU | C34: 3518 | D34: 3518 | E34: 5277 | I34: 3518 | J34: 3518 | K34: 5277 | L34: 5277 | M34: 3518 | N34: 3518 | O34: =+SUM(C34:N34) -> 36939
B35: CA | C35: 386454 | D35: 386454 | E35: 579682 | I35: 386454 | J35: 386454 | K35: 579682 | L35: 579682 | M35: 386454 | N35: 386455 | O35: =+SUM(C35:N35) -> 4057771
C37: JANVIER | D37: FEVRIER | E37: MARS | F37: AVRIL | G37: MAI | H37: JUIN | I37: JUILLET | J37: AOUT | K37: SEPTEMBRE | L37: OCTOBRE | M37: NOVEMBRE | N37: DECEMBRE | O37: TOTAL
A38: Ouest Batteries | B38: QTS VENDU | C38: 3446 | D38: 3446 | L38: 1723 | M38: 1723 | O38: =+SUM(C38:N38) -> 10338
B39: CA | C39: 418475 | D39: 418475 | L39: 209238 | M39: 209237 | O39: =+SUM(C39:N39) -> 1255425
C41: JANVIER | D41: FEVRIER | E41: MARS | F41: AVRIL | G41: MAI | H41: JUIN | I41: JUILLET | J41: AOUT | K41: SEPTEMBRE | L41: OCTOBRE | M41: NOVEMBRE | N41: DECEMBRE | O41: TOTAL
A42: New customer | B42: QTS VENDU | D42: 1129 | H42: 1129 | L42: 1129 | O42: =+SUM(C42:N42) -> 3387
B43: CA | D43: 136752 | H43: 136752 | L43: 136752 | O43: =+SUM(C43:N43) -> 410256
C45: JANVIER | D45: FEVRIER | E45: MARS | F45: AVRIL | G45: MAI | H45: JUIN | I45: JUILLET | J45: AOUT | K45: SEPTEMBRE | L45: OCTOBRE | M45: NOVEMBRE | N45: DECEMBRE | O45: TOTAL
A46: LUBATEX | B46: QTS VENDU | D46: 1428 | F46: 1428 | H46: 1428 | J46: 1428 | L46: 1428 | N46: 1428 | O46: =+SUM(C46:N46) -> 8568
B47: CA | D47: 156310 | F47: 156310 | H47: 156310 | J47: 156310 | L47: 156310 | N47: 156310 | O47: =+SUM(C47:N47) -> 937860
C49: JANVIER | D49: FEVRIER | E49: MARS | F49: AVRIL | G49: MAI | H49: JUIN | I49: JUILLET | J49: AOUT | K49: SEPTEMBRE | L49: OCTOBRE | M49: NOVEMBRE | N49: DECEMBRE | O49: TOTAL
A50: DT Batteries d’Armor | B50: QTS VENDU | C50: 1559 | E50: 1559 | I50: 1559 | M50: 1559 | O50: =+SUM(C50:N50) -> 6236
B51: CA | C51: 175051 | E51: 175051 | I51: 175050 | M51: 175050 | O51: =+SUM(C51:N51) -> 700202
C53: JANVIER | D53: FEVRIER | E53: MARS | F53: AVRIL | G53: MAI | H53: JUIN | I53: JUILLET | J53: AOUT | K53: SEPTEMBRE | L53: OCTOBRE | M53: NOVEMBRE | N53: DECEMBRE | O53: TOTAL
A54: NEW CUSTOMER KINIYA | B54: QTS VENDU | C54: 1428 | G54: 1428 | J54: 1428 | O54: =+SUM(C54:N54) -> 4284
B55: CA | C55: 164129 | G55: 164129 | J55: 164128 | O55: =+SUM(C55:N55) -> 492386
C57: JANVIER | D57: FEVRIER | E57: MARS | F57: AVRIL | G57: MAI | H57: JUIN | I57: JUILLET | J57: AOUT | K57: SEPTEMBRE | L57: OCTOBRE | M57: NOVEMBRE | N57: DECEMBRE | O57: TOTAL
A58: DIRECT BATTERIE | B58: QTS VENDU | E58: 1364 | I58: 1364 | K58: 1364 | N58: 1364 | O58: =+SUM(C58:N58) -> 5456
B59: CA | E59: 184166 | I59: 184166 | K59: 184166 | N59: 184166 | O59: =+SUM(C59:N59) -> 736664
C61: JANVIER | D61: FEVRIER | E61: MARS | F61: AVRIL | G61: MAI | H61: JUIN | I61: JUILLET | J61: AOUT | K61: SEPTEMBRE | L61: OCTOBRE | M61: NOVEMBRE | N61: DECEMBRE | O61: TOTAL
A62: AMOURI GROUP | B62: QTS VENDU | E62: 5607 | F62: 11214 | G62: 11214 | H62: 11214 | I62: 5607 | J62: 5607 | K62: 5607 | L62: 11214 | M62: 5607 | N62: 11214 | O62: =+SUM(C62:N62) -> 84105
B63: CA | E63: 756871 | F63: 1513743 | G63: 1513743 | H63: 1513743 | I63: 756871 | J63: 756871 | K63: 756871 | L63: 1513743 | M63: 756871 | N63: 1513743 | O63: =+SUM(C63:N63) -> 11353070
C65: JANVIER | D65: FEVRIER | E65: MARS | F65: AVRIL | G65: MAI | H65: JUIN | I65: JUILLET | J65: AOUT | K65: SEPTEMBRE | L65: OCTOBRE | M65: NOVEMBRE | N65: DECEMBRE | O65: TOTAL
A66: ALPHADEAL | B66: QTS VENDU | C66: 9365 | F66: 9365 | I66: 9365 | K66: 9365 | M66: 9365 | O66: =+SUM(C66:N66) -> 46825
B67: CA | C67: 1119859 | F67: 1119859 | I67: 1119859 | K67: 1119859 | M67: 1119860 | O67: =+SUM(C67:N67) -> 5599296
C69: JANVIER | D69: FEVRIER | E69: MARS | F69: AVRIL | G69: MAI | H69: JUIN | I69: JUILLET | J69: AOUT | K69: SEPTEMBRE | L69: OCTOBRE | M69: NOVEMBRE | N69: DECEMBRE | O69: TOTAL
A70: ACM Technologie | B70: QTS VENDU | D70: 1689 | J70: 1689 | O70: =+SUM(C70:N70) -> 3378
B71: CA | D71: 180908 | J71: 180909 | O71: =+SUM(C71:N71) -> 361817
C73: JANVIER | D73: FEVRIER | E73: MARS | F73: AVRIL | G73: MAI | H73: JUIN | I73: JUILLET | J73: AOUT | K73: SEPTEMBRE | L73: OCTOBRE | M73: NOVEMBRE | N73: DECEMBRE | O73: TOTAL
A74: MONBAT | B74: QTS VENDU | C74: 5136 | D74: 5136 | E74: 5136 | F74: 5136 | G74: 5136 | H74: 5136 | I74: 5136 | J74: 5136 | K74: 5136 | L74: 5136 | M74: 5136 | N74: 5154 | O74: =+SUM(C74:N74) -> 61650
B75: CA | C75: 564640 | D75: 564640 | E75: 564640 | F75: 564640 | G75: 564640 | H75: 564640 | I75: 564640 | J75: 564640 | K75: 564640 | L75: 564640 | M75: 564640 | N75: 565460 | O75: =+SUM(C75:N75) -> 6776500
C78: JANVIER | D78: FEVRIER | E78: MARS | F78: AVRIL | G78: MAI | H78: JUIN | I78: JUILLET | J78: AOUT | K78: SEPTEMBRE | L78: OCTOBRE | M78: NOVEMBRE | N78: DECEMBRE | O78: TOTAL
A79: NEXT POWER | B79: QTS VENDU | C79: 2182 | D79: 2182 | E79: 2182 | F79: 2182 | G79: 2182 | H79: 2182 | I79: 2182 | J79: 2182 | K79: 2182 | L79: 2182 | M79: 2182 | N79: 2182 | O79: =+SUM(C79:N79) -> 26184
B80: CA | C80: 267169 | D80: 267169 | E80: 267169 | F80: 267169 | G80: 267169 | H80: 267169 | I80: 267169 | J80: 267169 | K80: 267169 | L80: 267169 | M80: 267170 | N80: 267170 | O80: =+SUM(C80:N80) -> 3206030

Sheet BILAN
A1: 007 | B1: 39814 | C1: 39448 | D1: BILAN AU 31/12/2024
A2: % | B2: 40178 | C2: 39813 | D2: ACTIFS | F2: Budget 2025 | G2: 2024 | H2: 2023 | I2: 2022
A3: No Suppression | D3: ACTIFS NON COURANTS
A4: No Suppression
A5: #REF! | D5: Immobilisations corporelles et incorporelles
E6: Immobilisations corporelles et incorp. | F6: =+G6*1.04 -> 44445397 | G6: 42735958 | H6: 40581487 | I6: 39166354
E7: Amortissement des immobilisations corporelles et incorp. | F7: =+G7-H7+G7 -> -27101375 | G7: -25028626 | H7: -22955877 | I7: -20520058
E8: Provision pour dép.Imm corporelles et incorp. | F8: -100000 | G8: -399944.52 | H8: 0 | I8: 0
A9: #REF! | B9: GetRub | C9: B_Terrain | D9: Total immobilsations corporelles et incorporelles
A10: #REF! | B10: GetRub | C10: B_Const | F10: =SUM(F6:F9) -> 17244022 | G10: =SUM(G6:G9) -> 17307388 | H10: =SUM(H6:H9) -> 17625610 | I10: 18646296
A11: #REF! | B11: GetRub | C11: B_AmtConst | D11: Immobilisations Financières
A12: #REF! | B12: GetRub | C12: B_Amt_ITMOI
E13: Dépôts et cautionnements | F13: =+G13 -> 5771.2 | G13: 5771.2 | I13: 105597.14
A14: #REF! | B14: GetRub | C14: B_Amt_MT | E14: Provision pour dép.Imm Financières | F14: =+G14 -> -29257.385 | G14: -29257.385 | H14: -29257.385 | I14: -29257.385
E15: Titres de Participation | F15: =+G15 -> 4926200 | G15: 4926200 | H15: 4931970 | I15: 4606520
A16: #REF! | B16: GetRub | C16: B_Amt_IGAA | D16: Total des actifs non courants | F16: =SUM(F10:F15) -> 22146736 | G16: =SUM(G10:G15) -> 22210102 | H16: =SUM(H10:H15) -> 22528323 | I16: 23329156
A17: #REF! | B17: GetRub | C17: B_MMB
A18: #REF! | B18: GetRub | C18: B_Amt_MMB | D18: ACTIFS COURANTS
A19: #REF! | B19: GetRub | C19: B_ImmEnCours | E19: Stocks | F19: =+G19*1.25 -> 28589936 | G19: 22871949 | H19: 17173289 | I19: 16014890
E20: Provision sur dépr.stock | F20: =+G20*1.1 -> -776505.73 | G20: -705914.3 | H20: -208158 | I20: -208158.11
E21: Clients et comptes rattachés | F21: =+G21*1.35 -> 31994311 | G21: 23699490 | H21: 18964385 | I21: 13193725
E22: Provision sur créance douteux | F22: =+G22*1.15 -> -1070785.4 | G22: -931117.74 | H22: -457129 | I22: -457129.15
A23: #REF! | C23: B_ImmCorp | E23: Autres actifs courants | F23: =+G23*1.15 -> 8301108.2 | G23: 7218355 | H23: 2176200 | I23: 4373900
A24: No Suppression | E24: Provision sur dépr.compte déb divers | F24: =+G24*1.15 -> -331905.74 | G24: -288613.68 | H24: -288614 | I24: -288613.68
A25: #REF! | E25: Liquidités et équivalents de liquidités | F25: 3645121.6 | G25: 1878681 | H25: 2332634 | I25: 1771025.5
A26: #REF! | B26: GetRub | C26: B_ImmSJP | D26: Total des actifs courants | F26: =SUM(F19:F25) -> 70351280 | G26: =SUM(G19:G25) -> 53742829 | H26: =SUM(H19:H25) -> 39692607 | I26: =SUM(I19:I25) -> 34399640
A27: #REF! | C27: B_ImmFin
A28: No Suppression | D28: TOTAL DES ACTIFS | F28: =+F26+F16 -> 92498016 | G28: =+G26+G16 -> 75952931 | H28: =+H26+H16 -> 62220930 | I28: =+I26+I16 -> 57728796
E30: BILAN AU 31/12/2024
F31: Budget 2025 | G31: 2024 | H31: 2023 | I31: 2022
E33: Capital social | F33: =+G33 -> 13500000 | G33: 13500000 | H33: 13500000 | I33: 13500000
E34: Réserves légales | F34: =+G34 -> 1200000 | G34: 1200000 | H34: 1200000 | I34: 1200000
E35: Subvention d'investissement | F35: =+G35 -> 3479108.8 | G35: 3479108.8 | H35: 3479109 | I35: 3479109
E36: Amortissement subvention d'investissement | F36: =+G36 -> -2906250.8 | G36: -2906250.8 | H36: -2662862 | I36: -2410241
E37: Modification comptable | F37: =+G37 -> -3459324.5 | G37: -3459324.5 | H37: -3126298 | I37: -3126298
E38: Résultats reportés | F38: =+G38+G41 -> 32428476 | G38: 22014748 | H38: 17517372 | I38: 17351323
F39: =SUM(F33:F38) -> 44242010 | G39: =SUM(G33:G38) -> 33828282 | H39: =SUM(H33:H38) -> 29907321 | I39: =SUM(I33:I38) -> 29993893
E41: Résultat de l'exercice | F41: =+E.Rst!E30 -> 16341118 | G41: 10413728 | H41: 4497376 | I41: 166042
E43: CAPITAUX PROPRES | F43: =F41+F39 -> 60583128 | G43: =G41+G39 -> 44242010 | H43: =H41+H39 -> 34404697 | I43: =+I41+I39 -> 30159935
E46: Emprunts | F46: =+G46*0.9 -> 1686838.7 | G46: 1874265.3 | H46: 1520250 | I46: 1215138
E47: Provision pour risque et charges | F47: =+G47*1.15 -> 399561.32 | G47: 347444.62 | H47: 231535 | I47: 231535
E50: Fournisseurs & comptes rattachés | F50: =+G50*1.15 -> 12555079 | G50: 10917460 | H50: 7004512 | I50: 6780989
E51: Autres passifs courants | F51: =+G51*1.15 -> 5701779 | G51: 4958068.7 | H51: 3112685 | I51: 6520114
E52: Concours bancaires & autres passifs financiers | F52: =+G52*0.85 -> 11571630 | G52: 13613682 | H52: 15947251 | I52: 12821085
E54: PASSIFS | F54: =SUM(F46:F53) -> 31914888 | G54: =SUM(G46:G53) -> 31710921 | H54: =SUM(H46:H53) -> 27816233 | I54: =SUM(I46:I53) -> 27568861
E57: CAPITAUX PROPRES & PASSIFS | F57: =F54+F43 -> 92498016 | G57: =G54+G43 -> 75952931 | H57: =H54+H43 -> 62220930 | I57: =+I54+I43 -> 57728796

Sheet E.Rst
A1: 007 | B1: C | D1: Etat de Résultat
A2: 40179 | B2: 40543 | D2: SNA
A3: 39814 | B3: 40178
E4: Budget 2025 | F4: 2024 | G4: 2023 | H4: 2022
C6: Produits D'exploitation
A7: R101 | B7: E_Revenu | D7: Revenus Locals | E7: =+'VENTE 2025'!O7 -> 46028314 | F7: 34712970 | G7: 32177440 | H7: 31979116
D8: Revenus Export | E8: =+'VENTE 2025'!O15+'VENTE 2025'!O24 -> 63775580 | F8: 43857751 | G8: 19506671 | H8: 7375876.3
D9: Autres Revenus | G9: 38770.518 | H9: 38631.6
A10: R101 | B10: E_A_PdtExp | D10: Autres Produits d'Exploitation | F10: 1376462 | G10: 254464.16 | H10: 271172.4
A11: R101 | B11: E_Prod_Imm | D11: Production Immobilisée
C12: Total des Produits d'exploitation | E12: =SUM(E7:E11) -> 109803894 | F12: =SUM(F7:F11) -> 79947182 | G12: =SUM(G7:G11) -> 51977346 | H12: 39664796
C15: Charges D'exploitation
D16: Variation Produits Finis et semi finis | F16: 500351.48 | G16: 861776 | H16: 1124564.6 | M16: =110-80 -> 30
A17: R102 | B17: E_AchAppCons | D17: Achats d'Approvisionnement Consommés | E17: =-'[1]BUDGET 2025 '!$DW$15-'[1]BUDGET 2025 '!$DW$18 -> -73078161 | F17: -52420817 | G17: -34635252 | H17: -28971839 | M17: =+M16/80 -> 0.375
A18: R102 | B18: E_ChgPers | D18: Charges de Personnel | E18: =+F18*1.09 -> -6334214.2 | F18: -5811205.7 | G18: -5263005 | H18: -4216712.9
A19: R102 | B19: E_DotAmtProv | D19: Dotation aux Amortissements et aux Provisions | E19: =+F19*1.05 -> -4459333.4 | F19: -4246984.2 | G19: -2490372 | H19: -2879251
A20: R102 | B20: E_A_ChagExp | D20: Autres Charges d'Exploitation | E20: =+F20*1.25 -> -6649077.8 | F20: -5319262.3 | G20: -3743627 | H20: -3224733
C21: Total des Charges d'exploitation | E21: =SUM(E16:E20) -> -90520786 | F21: =SUM(F16:F20) -> -67297918 | G21: =SUM(G16:G20) -> -45270480 | H21: -38167972
C23: Résultat d'exploitation | E23: =+E12+E21 -> 19283108 | F23: =+F12+F21 -> 12649264 | G23: =+G12+G21 -> 6706866 | H23: 1496824.4
A26: R103 | B26: E_ChgFin | D26: Charges Financières nettes | E26: =+F26*1.2 -> -2662548.9 | F26: -2218790.8 | G26: -1843884 | H26: -1288604.7
A27: R103 | B27: E_PdtPlace | D27: Produit de placement | F27: - | G27: - | H27: 1684.436
A28: R103 | B28: E_A_GainOrdi | D28: Autres gains ordinaires | G28: 82429 | H28: 29325.842
A29: R103 | B29: E_A_PertOrdi | D29: Autres pertes ordinaires | E29: =+G29*1.15 -> -279440.8 | F29: -16745.715 | G29: -242992 | H29: -19222.234
B30: Résultat avant impôt | C30: Résultat des activités ordinaires avant impôt | E30: =SUM(E23:E29) -> 16341118 | F30: =SUM(F23:F29) -> 10413728 | G30: =SUM(G23:G29) -> 4702419 | H30: 220007.77
A31: R104 | B31: Impots sur les bénéfices | D31: Impots sur les bénéfices | F31: -1000000 | G31: -205043 | H31: -53965.5
B32: Résultat après impôt | C32: Résultat des activités ordinaires après impôt | E32: =SUM(E30:E31) -> 16341118 | F32: =SUM(F30:F31) -> 9413728 | G32: =SUM(G30:G31) -> 4497376 | H32: 166042.27
C35: Résultat Net de l'exercice | E35: =+E32 -> 16341118 | F35: =+F32 -> 9413728 | G35: =+G32 -> 4497376 | H35: 166042.27
C37: Résultat Net de l'exercice | E37: =+E35 -> 16341118 | F37: =+F35 -> 9413728 | G37: =+G35 -> 4497376 | H37: 166042.27
C39: Effets de modifications comptables | H39: -104107.82
C41: Résultats après modifications comptables | E41: =+E37 -> 16341118 | F41: =+F37 -> 9413728 | G41: =+G37 -> 4497376 | H41: 61934.46
A875: 436510-01 * TVA RECUP IMMO LOC 10%AGENCE DISTRIBUTION
A876: Total du 01/01/17 au 31/01/17
A877: Total general
A878: 436518 TVA RECUP IMMO LOC 18%
A879: Total du 01/01/17 au 31/01/17
A880: Total general
A881: 436518-01 * TVA RECUP IMMO LOC 18%AGENCE DISTRIBUTION
A882: Total du 01/01/17 au 31/01/17
A883: Total general
A884: 436529 TVA RECUP IMMO LOC 29%
A885: Total du 01/01/17 au 31/01/17
A886: Total general
A887: 436529-01 * TVA RECUP IMMO LOC 29%AGENCE DISTRIBUTION

Sheet RECAP
B2: 44926 | C2: 45291 | D2: 45657 | E2: 46022
A3: SOLDE CLIENT | B3: =+BILAN!I21 -> 13193725 | C3: =+BILAN!H21 -> 18964385 | D3: =+BILAN!G21 -> 23699490 | E3: =+BILAN!F21 -> 31994311
A4: SOLDE FOURNISSEUR | B4: =+BILAN!I50 -> 6780989 | C4: =+BILAN!H50 -> 7004512 | D4: =+BILAN!G50 -> 10917460 | E4: =+BILAN!F50 -> 12555079
A5: STOCK | B5: =+BILAN!I19 -> 16014890 | C5: =+BILAN!H19 -> 17173289 | D5: =+BILAN!G19 -> 22871949 | E5: =+BILAN!F19 -> 28589936
A6: B F R | B6: =+B3+B5-B4 -> 22427626 | C6: =+C3+C5-C4 -> 29133162 | D6: =+D3+D5-D4 -> 35653978 | E6: =+E3+E5-E4 -> 48029168
B8: 44926 | C8: 45291 | D8: 45657 | E8: 46022
A9: CA LOCAL HT | B9: =+E.Rst!H7 -> 31979116 | C9: =+E.Rst!G7 -> 32177440 | D9: =+E.Rst!F7 -> 34712970 | E9: =+'VENTE 2025'!O7 -> 46028314 | F9: =+(E9-D9)/D9 -> 0.32596878
A10: CA LOCAL TTC | B10: =+B9*1.28 -> 40933268 | C10: =+C9*1.28 -> 41187123 | D10: =+D9*1.28 -> 44432601 | E10: =+E9*1.28 -> 58916242 | F10: =+(E10-D10)/D10 -> 0.32596878
B11: =B10/B9 -> 1.28 | C11: =C10/C9 -> 1.28 | D11: =D10/D9 -> 1.28 | E11: =E10/E9 -> 1.28
A12: CA EXPORT | B12: =+E.Rst!H8 -> 7375876.3 | C12: =+E.Rst!G8 -> 19506671 | D12: =+E.Rst!F8 -> 43857751 | E12: =+'VENTE 2025'!O15+'VENTE 2025'!O24 -> 63775580 | F12: =+(E12-D12)/D12 -> 0.45414616
B15: 44926 | C15: 45291 | D15: 45657 | E15: 46022
A16: CLIENT LOCAUX | B16: 11118442 | C16: 13614197 | D16: 15670415 | E16: 17600431
A17: CLIENT ETRANGER | B17: 2075282.7 | C17: 5350188 | D17: 11029075 | E17: =+E3-E16 -> 14393880
A19: DELAI DE REGLEMENT CLIENT LOCAUX | B19: =+B16/B10*360 -> 97.784501 | C19: =+C16/C10*9*30 -> 89.247145 | D19: =+D16/D10*9*30 -> 95.223144 | E19: 91
A20: DELAI DE REGLEMENT CLIENT ETRANGER | B20: =+B17/B12*360 -> 101.2899 | C20: =+C17/C12*12*30 -> 98.738922 | D20: =+D17/D12*12*30 -> 90.530567 | E20: =+E17/E12*360 -> 81.250488
B22: 44926 | C22: 45291 | D22: 45657 | E22: 46022
A23: ACHAT HT | B23: =-E.Rst!H17 -> 28971839 | C23: =-E.Rst!G17 -> 34635252 | D23: =-E.Rst!F17 -> 52420817 | E23: =-E.Rst!E17 -> 73078161 | F23: =+(E23-D23)/D23 -> 0.39406756
A24: SOLDE FOURNISSEUR | B24: =+B4 -> 6780989 | C24: =+C4 -> 7004512 | D24: =+D4 -> 10917460 | E24: =+E4 -> 12555079 | F24: =+(E24-D24)/D24 -> 0.15
A25: STOCK | B25: =+B5 -> 16014890 | C25: =+C5 -> 17173289 | D25: =+D5 -> 22871949 | E25: =+E3 -> 31994311 | F25: =+(E25-D25)/D25 -> 0.398845
A26: DELAI ROTATION STOCK | B26: =+B25/B23*360 -> 198.99877 | C26: =+C25/C23*360 -> 178.49976 | D26: =+D25/D23*360 -> 157.07313 | E26: =+E25/E23*360 -> 157.61141
A27: DELAI DE REGLEMENT FOURNISSEUR | B27: =+B24/B23*360 -> 84.259615 | C27: =+C24/C23*12*30 -> 72.805139 | D27: =+D24/D23*360 -> 74.975666 | E27: =+E24/E23*360 -> 61.849238
B28: =+B23/(B12+B9) -> 0.73616682 | C28: =+C23/(C12+C9) -> 0.67013345 | D28: =+D23/(D12+D9) -> 0.66718005
I30: Contrat actuel | J30: Demande 2024 PV CA SNA OK | K30: Demande 2025 pour VALIDATION | L30: Augmentation 2025 vs Contrat
A31: FACILITE DE CAISSE | B31: =+B10/12 -> 3411105.7 | C31: =+C10/12 -> 3432260.3 | D31: =+(D10+D12*0.25)/12 -> 4616419.9 | E31: =+(E10)/12 -> 4909686.8 | H31: FACILITE DE CAISSE | I31: 3000000 | J31: 4000000 | K31: 5000000 | L31: =+K31-I31 -> 2000000
A32: PREFINANCEMENT EXPORT | B32: =+B12*30% -> 2212762.9 | C32: =+C12*30% -> 5852001.4 | D32: =+D12*25% -> 10964438 | E32: =+E12*E20/360 -> 14393880 | H32: PREFINANCEMENT EXPORT | I32: 4000000 | J32: 6000000 | K32: 6000000 | L32: =+K32-I32 -> 2000000
A33: FINANCEMENT STOCK | B33: =+B23*1.19*(B19-B27)/360 -> 1295251.6 | C33: =+C23*1.19*(C19-C27)/360 -> 1882424.8 | D33: =+D23*1.19*(D19-D27)/360 -> 3508481.5 | E33: =+E23*1.19*(E19-E27)/360 -> 7041772.4 | H33: FINANCEMENT STOCK | I33: 6000000 | J33: 6000000 | K33: =+J33 -> 6000000 | L33: =+K33-I33 -> 0
H34: ESCOMPTE COMMERCIAL | I34: 200000 | J34: 0 | K34: 0 | L34: =+K34-I34 -> -200000
A35: Accréditif et FED import
A36: Avals | H36: Accréditif et FED import | I36: 1000000 | J36: 1000000 | K36: 2000000 | L36: =+K36-I36 -> 1000000
A37: Cautions de marché | H37: Avals | I37: 300000 | J37: 300000 | K37: 300000 | L37: =+K37-I37 -> 0
A38: Obligations cautionné | H38: Cautions de marché | I38: 200000 | J38: 200000 | K38: 200000 | L38: =+K38-I38 -> 0
A39: MCNE | H39: Obligations cautionné | I39: 500000 | J39: 500000 | K39: 3000000 | L39: =+K39-I39 -> 2500000
H40: MCNE | I40: 2000000 | J40: 2000000 | K40: 3000000 | L40: =+K40-I40 -> 1000000
H42: TOTAL | I42: =SUM(I31:I41) -> 17200000 | J42: =SUM(J31:J41) -> 20000000 | K42: =SUM(K31:K41) -> 25500000 | L42: =SUM(L31:L41) -> 8300000

Sheet note
B2: 2022 | C2: 2023 | D2: 2024 | E2: Budget 2025
A3: CA Local HT | B3: =+RECAP!B9 -> 31979116 | C3: =+RECAP!C9 -> 32177440 | D3: =+RECAP!D9 -> 34712970 | E3: =+RECAP!E9 -> 46028314
A4: Évolution/Marché LOCAL | C4: =(C3-B3)/C3 -> 0.0061634582 | D4: =(D3-C3)/D3 -> 0.073042712 | E4: =(E3-D3)/E3 -> 0.24583443
A5: CA Export | B5: =+RECAP!B12 -> 7375876.3 | C5: =+RECAP!C12 -> 19506671 | D5: =+RECAP!D12 -> 43857751 | E5: =+RECAP!E12 -> 63775580
A6: Évolution/EXPORT | C6: =(C5-B5)/C5 -> 0.62187929 | D6: =(D5-C5)/D5 -> 0.55522865 | E6: =(E5-D5)/E5 -> 0.31231122
A7: CA TOTAL | B7: =+B3+B5 -> 39354992 | C7: =+C3+C5 -> 51684111 | D7: =+D3+D5 -> 78570720 | E7: =+E5+E3 -> 109803894
A8: Évolution GLOBALE | C8: =(C7-B7)/C7 -> 0.23854757 | D8: =(D7-C7)/D7 -> 0.34219629 | E8: =(E7-D7)/E7 -> 0.28444505
A22: CLIENTS | B22: MODALITE DE PAIEMENT | C22: TAUX
A23: ERRAFIK EL DAYEM | B23: LC à 90 Jrs | C23: 0.23
A24: BATTERIEDIENST HEMPE | B24: Virement à 60 Jrs | C24: 0.07
A25: BIN-SHIHON TRADING CO | B25: Virement à 90 Jrs | C25: 0.23
A26: LITTORAL BATTERIES | B26: Virement à 90 Jrs | C26: 0.2
A27: ACCUSPLUS | B27: Virement à 60 Jrs | C27: 0.02
A28: OUEST BATTERIE | B28: Virement à 60 Jrs | C28: 0.08
A29: NEXT POWER (ALGER) | B29: Virement à 60 Jrs | C29: 0.06
A30: PROXITECH | B30: Virement à 60 Jrs | C30: 0.06
A31: BATTERIE D'ARMOR | B31: Virement à 60 Jrs | C31: 0.02
A32: LUBATEX | B32: Virement à 60 Jrs | C32: 0.03

Sheet Sheet1
A7: TND | B7: 44926 | C7: 45291 | D7: 45657 | E7: Budget increase
A8: CA LOCAL TTC | B8: 40917471 | C8: 40718745 | D8: 56542291 | E8: 1.3876346
A9: CA EXPORT | B9: 7375769.7 | C9: 19747688 | D9: 27462043 | E9: 1.3876346
A10: ACHAT HT | B10: 28971839 | C10: 33953236 | D10: 47153830 | E10: 1.3876346
A11: DELAI DE REGLEMENT FOURNISSEUR | B11: 84.259618 | C11: 54.059889 | D11: 54.059889
B13: limit based on budget
B14: 44926 | C14: 45291 | D14: 45657 | E14: Comment - limit with bank
A15: Cash Facility | B15: =+B8/12 -> 3409789.3 | C15: =+C8/12 -> 3393228.7 | D15: =+D8/12 -> 4711857.6 | E15: One month of local sales (1/12)
A16: Export Prefinancing | B16: =+B9*30% -> 2212730.9 | C16: =+C9*30% -> 5924306.3 | D16: =+D9*30% -> 8238612.8 | E16: 30% of export sales
A17: C M F S | B17: =+B10*1.19*(90-B11)/360 -> 549745.04 | C17: =+C10*1.19*(90-C11)/360 -> 4033713.5 | D17: =+D10*1.19*(90-D11)/360 -> 5601970.9 | E17: this line is kept as it is actually
F23: Cash Facility
F24: Export Prefinancing
F25: C M F S
F26: Commercial Discount
B29: interest Rate | C29: Actual Credit | D29: Planned Increase | E29: Comment - limit with bank
A30: Cash Facility | B30: TMM+2% | C30: 3000000 | D30: 4000000 | E30: One month of local sales (1/12)
A31: Export Prefinancing | B31: TMM+1,75% | C31: 4000000 | D31: 6000000 | E31: 30% of export sales
A32: C M F S | B32: TMM+2% | C32: 6000000 | D32: 6000000 | E32: this line is kept as it is actually
A33: Total | C33: 13000000 | D33: 16000000
F46: CLIENT | G46: MONTANT | H46: MODALITE DE PAIEMENT
F47: ACM TECHNOLOGIES | G47: 361817 | H47: Virement à 60 Jrs
F48: ALPHADEAL | G48: 5599296 | H48: LC A 30 Jrs
F49: DIRECT BATTERIES | G49: 736664 | H49: Virement à 60 Jrs
F50: DT BATTERIE D'ARMOR | G50: 700202 | H50: Virement à 60 Jrs
F51: LITTORAL | G51: 4057771 | H51: Virement à 60 Jrs
F52: LUBATEX | G52: 937860 | H52: COMPTANT
F53: MATADOR | G53: 24415824 | H53: REMISE A VUE
F54: MONBAT | G54: 6776500 | H54: Virement à 60 Jrs
F55: OUEST BATTERIES | G55: 1255425 | H55: Virement à 60 Jrs
F56: PROXITEC | G56: 3472479 | H56: Virement à 60 Jrs
F57: NEXT POWER | G57: 3206030 | H57: Virement à 60 Jrs
F58: AMOURI GROUP | G58: 11353070 | H58: Virement à 60 Jrs
... F60: OTHER NEW CUSTEMER | G60: 410256 | H60: Virement à 60 Jrs
F61: Total général | G61: 63775580
